Workbook

Sheet ProyecciónFinal_2
B3: =+CosteoIndividual2!B2 -> RESUMEN COTIZACIONES DE PRECIOS - Matriz de Calculo - FDLB-ES-C-099-2026
B5: ITEM | C5: PRODUCTO O SERVICIO | D5: ESPECIFICACION TECNICA | E5: UNIDAD DE MEDIDA A COTIZAR | F5: CANTIDAD A COTIZAR | G5: VALOR UNITARIO PROMEDIO O MEDIANA (INCLUIDO IVA SI APLICA) | H5: VALOR PROMEDIO O MEDIANA TOTAL (INCLUIDO IVA SI APLICA) | I5: FUENTE DE CONSULTA | J5: DESVIACIÓN ESTÁNDAR | K5: SI DESVEST ES >15% SE PROMEDIA CON MEDIANA | L5: Tecnica Utilizada
B6: =CosteoIndividual2!B7 -> 1 | C6: =CosteoIndividual2!C7 -> Planificación y diagnóstico | D6: =CosteoIndividual2!D7 -> Recopilación, consolidación y análisis de información secundaria disponible, incluyendo cartografía oficial, ortofotos, coberturas y usos del suelo, espacio público, áreas de cesión y demás insumos técnicos requeridos para la identificación preliminar y priorización de áreas potenciales susceptibles de renaturalización, mediante criterios espaciales y de viabilidad técnica. | E6: =CosteoIndividual2!F7 -> UN | F6: =CosteoIndividual2!G7 -> 1 | G6: =CosteoIndividual2!K7 -> 5061334 | H6: =CosteoIndividual2!L7 -> 5061334 | I6: =CosteoIndividual2!M7 -> FDLB-ES-C-099-2026 MACRO 7 | J6: =CosteoIndividual2!N7 -> 55771.431 | K6: =CosteoIndividual2!O7 -> 0.011019117 | L6: =IF(K6="","",IF(K6<0.15,"Promedio","Mediana")) -> Promedio
B7: =CosteoIndividual2!B8 -> 2 | C7: =CosteoIndividual2!C8 -> Planificación y diagnóstico | D7: =CosteoIndividual2!D8 -> Revisión e incorporación de lineamientos técnicos, ambientales y territoriales emitidos por las entidades competentes, aplicables a los procesos de renaturalización y priorización de áreas de intervención. | E7: =CosteoIndividual2!F8 -> UN | F7: =CosteoIndividual2!G8 -> 1 | G7: =CosteoIndividual2!K8 -> 5061334 | H7: =CosteoIndividual2!L8 -> 5061334 | I7: =CosteoIndividual2!M8 -> FDLB-ES-C-099-2026 MACRO 7 | J7: =CosteoIndividual2!N8 -> 55771.431 | K7: =CosteoIndividual2!O8 -> 0.011019117 | L7: =IF(K7="","",IF(K7<0.15,"Promedio","Mediana")) -> Promedio
B8: =CosteoIndividual2!B9 -> 3 | C8: =CosteoIndividual2!C9 -> Planificación y diagnóstico | D8: =CosteoIndividual2!D9 -> Definición y ajuste técnico preliminar de las áreas priorizadas para intervención, mediante delimitación geográfica, verificación de condiciones espaciales y análisis de viabilidad para procesos de renaturalización. | E8: =CosteoIndividual2!F9 -> UN | F8: =CosteoIndividual2!G9 -> 1 | G8: =CosteoIndividual2!K9 -> 5061334 | H8: =CosteoIndividual2!L9 -> 5061334 | I8: =CosteoIndividual2!M9 -> FDLB-ES-C-099-2026 MACRO 7 | J8: =CosteoIndividual2!N9 -> 55771.431 | K8: =CosteoIndividual2!O9 -> 0.011019117 | L8: =IF(K8="","",IF(K8<0.15,"Promedio","Mediana")) -> Promedio
B9: =CosteoIndividual2!B10 -> 4 | C9: =CosteoIndividual2!C10 -> Planificación y diagnóstico | D9: =CosteoIndividual2!D10 -> Verificación en campo de las áreas priorizadas mediante visitas técnicas, incluyendo la validación de condiciones físicas, espaciales, ambientales, operativas y sociales, así como posibles restricciones, conflictos de uso y percepción comunitaria frente a la viabilidad preliminar de las intervenciones de renaturalización. | E9: =CosteoIndividual2!F10 -> UN | F9: =CosteoIndividual2!G10 -> 1 | G9: =CosteoIndividual2!K10 -> 5061334 | H9: =CosteoIndividual2!L10 -> 5061334 | I9: =CosteoIndividual2!M10 -> FDLB-ES-C-099-2026 MACRO 7 | J9: =CosteoIndividual2!N10 -> 55771.431 | K9: =CosteoIndividual2!O10 -> 0.011019117 | L9: =IF(K9="","",IF(K9<0.15,"Promedio","Mediana")) -> Promedio
B10: =CosteoIndividual2!B11 -> 5 | C10: =CosteoIndividual2!C11 -> Planificación y diagnóstico | D10: =CosteoIndividual2!D11 -> Clasificación y caracterización preliminar de las superficies y coberturas identificadas, de acuerdo con su tipo, extensión, estado físico, condiciones de permeabilidad y potencial de transformación para procesos de renaturalización. | E10: =CosteoIndividual2!F11 -> UN | F10: =CosteoIndividual2!G11 -> 1 | G10: =CosteoIndividual2!K11 -> 5061334 | H10: =CosteoIndividual2!L11 -> 5061334 | I10: =CosteoIndividual2!M11 -> FDLB-ES-C-099-2026 MACRO 7 | J10: =CosteoIndividual2!N11 -> 55771.431 | K10: =CosteoIndividual2!O11 -> 0.011019117 | L10: =IF(K10="","",IF(K10<0.15,"Promedio","Mediana")) -> Promedio
B11: =CosteoIndividual2!B12 -> 6 | C11: =CosteoIndividual2!C12 -> Diseño técnico de las áreas renaturalizadas | D11: =CosteoIndividual2!D12 -> Evaluación técnica preliminar de las condiciones constructivas y operativas de las áreas priorizadas, incluyendo análisis de superficies existentes, requerimientos de demolición, excavación o adecuación, y demás condiciones relevantes para la implementación de las intervenciones de renaturalización. | E11: =CosteoIndividual2!F12 -> UN | F11: =CosteoIndividual2!G12 -> 1 | G11: =CosteoIndividual2!K12 -> 5061334 | H11: =CosteoIndividual2!L12 -> 5061334 | I11: =CosteoIndividual2!M12 -> FDLB-ES-C-099-2026 MACRO 7 | J11: =CosteoIndividual2!N12 -> 55771.431 | K11: =CosteoIndividual2!O12 -> 0.011019117 | L11: =IF(K11="","",IF(K11<0.15,"Promedio","Mediana")) -> Promedio
B12: =CosteoIndividual2!B13 -> 7 | C12: =CosteoIndividual2!C13 -> Diseño técnico de las áreas renaturalizadas | D12: =CosteoIndividual2!D13 -> Análisis preliminar de viabilidad técnica y operativa para la intervención de las áreas priorizadas, considerando las condiciones de remoción, adecuación o transformación de superficies existentes, estimación preliminar de material a retirar, accesibilidad operativa para maquinaria o intervención manual, posibles interferencias con redes de servicios públicos e infraestructura urbana, restricciones técnicas y normativas, requerimientos técnicos, riesgos asociados y demás condiciones relevantes para la implementación de procesos de renaturalización. | E12: =CosteoIndividual2!F13 -> UN | F12: =CosteoIndividual2!G13 -> 1 | G12: =CosteoIndividual2!K13 -> 5061334 | H12: =CosteoIndividual2!L13 -> 5061334 | I12: =CosteoIndividual2!M13 -> FDLB-ES-C-099-2026 MACRO 7 | J12: =CosteoIndividual2!N13 -> 55771.431 | K12: =CosteoIndividual2!O13 -> 0.011019117 | L12: =IF(K12="","",IF(K12<0.15,"Promedio","Mediana")) -> Promedio
B13: =CosteoIndividual2!B14 -> 8 | C13: =CosteoIndividual2!C14 -> Diseño técnico de las áreas renaturalizadas | D13: =CosteoIndividual2!D14 -> Articulación y gestión técnica con las entidades administradoras o competentes sobre las áreas priorizadas, para la socialización, validación y viabilidad preliminar de las intervenciones propuestas de renaturalización. | E13: =CosteoIndividual2!F14 -> UN | F13: =CosteoIndividual2!G14 -> 1 | G13: =CosteoIndividual2!K14 -> 5061334 | H13: =CosteoIndividual2!L14 -> 5061334 | I13: =CosteoIndividual2!M14 -> FDLB-ES-C-099-2026 MACRO 7 | J13: =CosteoIndividual2!N14 -> 55771.431 | K13: =CosteoIndividual2!O14 -> 0.011019117 | L13: =IF(K13="","",IF(K13<0.15,"Promedio","Mediana")) -> Promedio
B14: =CosteoIndividual2!B15 -> 9 | C14: =CosteoIndividual2!C15 -> Diseño técnico de las áreas renaturalizadas | D14: =CosteoIndividual2!D15 -> Formulación conceptual de las intervenciones de renaturalización para las áreas priorizadas, incluyendo definición de tipologías y tratamientos, criterios de implantación vegetal, manejo de coberturas, estrategias de integración ambiental y demás lineamientos técnicos requeridos para la implementación, contemplando las observaciones y lineamientos emitidos por las entidades administradoras o competentes. | E14: =CosteoIndividual2!F15 -> UN | F14: =CosteoIndividual2!G15 -> 1 | G14: =CosteoIndividual2!K15 -> 5061334 | H14: =CosteoIndividual2!L15 -> 5061334 | I14: =CosteoIndividual2!M15 -> FDLB-ES-C-099-2026 MACRO 7 | J14: =CosteoIndividual2!N15 -> 55771.431 | K14: =CosteoIndividual2!O15 -> 0.011019117 | L14: =IF(K14="","",IF(K14<0.15,"Promedio","Mediana")) -> Promedio
B15: =CosteoIndividual2!B16 -> 10 | C15: =CosteoIndividual2!C16 -> Diseño técnico de las áreas renaturalizadas | D15: =CosteoIndividual2!D16 -> Selección preliminar de especies vegetales y coberturas asociadas para las intervenciones de renaturalización, de acuerdo con las condiciones ambientales, espaciales y funcionales de cada área priorizada, en articulación con el Jardín Botánico de Bogotá y las entidades administradoras o competentes sobre los espacios objeto de intervención. | E15: =CosteoIndividual2!F16 -> UN | F15: =CosteoIndividual2!G16 -> 1 | G15: =CosteoIndividual2!K16 -> 5061334 | H15: =CosteoIndividual2!L16 -> 5061334 | I15: =CosteoIndividual2!M16 -> FDLB-ES-C-099-2026 MACRO 7 | J15: =CosteoIndividual2!N16 -> 55771.431 | K15: =CosteoIndividual2!O16 -> 0.011019117 | L15: =IF(K15="","",IF(K15<0.15,"Promedio","Mediana")) -> Promedio
B16: =CosteoIndividual2!B17 -> 11 | C16: =CosteoIndividual2!C17 -> Preparación del terreno y adecuación de las áreas renaturalizadas | D16: =CosteoIndividual2!D17 -> Retiro, demolición o adecuación controlada de pavimentos, superficies impermeables u otras coberturas artificiales presentes en las áreas objeto de intervención, de acuerdo con las condiciones técnicas y diseños definidos para los procesos de renaturalización. Incluye el cargue, transporte y disposición final de los residuos de construcción y demolición (RCD) y demás materiales generados durante la ejecución de la actividad, en sitios autorizados, de conformidad con la normativa ambiental vigente. | E16: =CosteoIndividual2!F17 -> M2 | F16: =CosteoIndividual2!G17 -> 1 | G16: =CosteoIndividual2!K17 -> 62956 | H16: =CosteoIndividual2!L17 -> 62956 | I16: =CosteoIndividual2!M17 -> FDLB-ES-C-099-2026 MACRO 7 | J16: =CosteoIndividual2!N17 -> 693.71852 | K16: =CosteoIndividual2!O17 -> 0.011019117 | L16: =IF(K16="","",IF(K16<0.15,"Promedio","Mediana")) -> Promedio
B17: =CosteoIndividual2!B18 -> 12 | C17: =CosteoIndividual2!C18 -> Preparación del terreno y adecuación de las áreas renaturalizadas | D17: =CosteoIndividual2!D18 -> Excavación, conformación y adecuación preliminar del terreno en las áreas intervenidas, de acuerdo con los requerimientos técnicos definidos para los procesos de renaturalización. Incluye el cargue, transporte, reutilización cuando sea técnicamente viable y disposición final del material sobrante producto de la excavación, en los casos en que aplique y conforme a la normativa ambiental vigente. | E17: =CosteoIndividual2!F18 -> M3 | F17: =CosteoIndividual2!G18 -> 1 | G17: =CosteoIndividual2!K18 -> 75920 | H17: =CosteoIndividual2!L18 -> 75920 | I17: =CosteoIndividual2!M18 -> FDLB-ES-C-099-2026 MACRO 7 | J17: =CosteoIndividual2!N18 -> 836.57146 | K17: =CosteoIndividual2!O18 -> 0.011019117 | L17: =IF(K17="","",IF(K17<0.15,"Promedio","Mediana")) -> Promedio
... B178: =CosteoIndividual2!B179 -> 173 | C178: =CosteoIndividual2!C179 -> Pendones | D178: =CosteoIndividual2!D179 -> Pendones verticales tipo roll-up, con una medida de 90 cm X 180 cm, tipo lona vinilica banner con impresión a todo color, con una estructura enrollable y base de aluminio, debe contener la imagen visual de hackathon de innovación, alcaldía local de bosa y laboratorio de innovación conforme al diseño suministrado por la entidad | E178: =CosteoIndividual2!F179 -> UN | F178: =CosteoIndividual2!G179 -> 1 | G178: =CosteoIndividual2!K179 -> 121472 | H178: =CosteoIndividual2!L179 -> 121472 | I178: =CosteoIndividual2!M179 -> FDLB-ES-C-099-2026 MACRO 7 | J178: =CosteoIndividual2!N179 -> 1338.5143 | K178: =CosteoIndividual2!O179 -> 0.011019117 | L178: =IF(K178="","",IF(K178<0.15,"Promedio","Mediana")) -> Promedio
F179: TOTAL | H179: =SUM(H6:H178) -> 100442116

Sheet Hoja1
C5: COTIZACIONES POR CORREO ELECTRONICO
C7: PROVEEDORES | D7: 3099
C8: COTIZACIONES | D8: 3

Sheet CosteoIndividual2
B2: RESUMEN COTIZACIONES DE PRECIOS - Matriz de Calculo - FDLB-ES-C-099-2026
H4: (PROCESO)
H5: CORPORACIÓN VIKN NIT: 901001515 | I5: CORPORACION DIGERATI NIT: 900360948-5 | J5: CONADES NIT: 832003656-3
B6: ITEM | C6: PRODUCTO O SERVICIO | D6: ESPECIFICACION TECNICA | E6: DESCRIPCION TECNICA | F6: UNIDAD DE MEDIDA A COTIZAR | G6: CANTIDAD A COTIZAR | H6: Cotización 1 VALOR UNITARIO (INCLUIDO IVA SI APLICA) | I6: Cotización 2 VALOR UNITARIO (INCLUIDO IVA SI APLICA) | J6: Cotización 3 VALOR UNITARIO (INCLUIDO IVA SI APLICA) | K6: VALOR UNITARIO PROMEDIO O MEDIANA (INCLUIDO IVA SI APLICA) | L6: VALOR PROMEDIO O MEDIANA TOTAL (INCLUIDO IVA SI APLICA) | M6: FUENTE DE CONSULTA | N6: DESVIACIÓN ESTÁNDAR | O6: SI DESVEST ES >15% SE PROMEDIA CON MEDIANA | Q6: Cotizaciones Elemento | R6: Probabilidad Ahorro | T6: GRANDES SUPERFICIES | U6: GRANDES SUPERFICIES | V6: VALOR UNITARIO PROMEDIO O MEDIANA (INCLUIDO IVA SI APLICA) | W6: % | X6: LINK
B7: 1 | C7: Planificación y diagnóstico | D7: Recopilación, consolidación y análisis de información secundaria disponible, incluyendo cartografía oficial, ortofotos, coberturas y usos del suelo, espacio público, áreas de cesión y demás insumos técnicos requeridos para la identificación preliminar y priorización de áreas potenciales susceptibles de renaturalización, mediante criterios espaciales y de viabilidad técnica. | E7: Como entregables de esta actividad se debe obtener la base geográfica editable y documento técnico de análisis preliminar que contenga la identificación, caracterización y priorización de áreas potenciales susceptibles de renaturalización, permitiendo proyectar el cumplimiento de la meta de intervención correspondiente a 1.000 m². | F7: UN | G7: 1 | H7: 5075000 | I7: 5000000 | J7: 5109002.5 | K7: =IFERROR(IF(O7>(0.15),ROUND(MEDIAN(H7:J7),0),ROUND(AVERAGE(H7:J7),0)),"") -> 5061334 | L7: =IFERROR(K7*G7,"") -> 5061334 | M7: FDLB-ES-C-099-2026 MACRO 7 | N7: =IFERROR(STDEV(H7:J7),"") -> 55771.431 | O7: =IFERROR(N7/AVERAGE(H7:J7),"") -> 0.011019117 | Q7: =COUNTIF(H7:J7,">0") -> 3 | R7: =1-(MIN(H7:J7)/K7) -> 0.012118149 | V7: =IFERROR(IF(O7>(0.15),ROUND(MEDIAN(T7:U7),0),ROUND(AVERAGE(T7:U7),0)),"")
B8: 2 | C8: Planificación y diagnóstico | D8: Revisión e incorporación de lineamientos técnicos, ambientales y territoriales emitidos por las entidades competentes, aplicables a los procesos de renaturalización y priorización de áreas de intervención. | F8: UN | G8: 1 | H8: 5075000 | I8: 5000000 | J8: 5109002.5 | K8: =IFERROR(IF(O8>(0.15),ROUND(MEDIAN(H8:J8),0),ROUND(AVERAGE(H8:J8),0)),"") -> 5061334 | L8: =IFERROR(K8*G8,"") -> 5061334 | M8: FDLB-ES-C-099-2026 MACRO 7 | N8: =IFERROR(STDEV(H8:J8),"") -> 55771.431 | O8: =IFERROR(N8/AVERAGE(H8:J8),"") -> 0.011019117 | Q8: =COUNTIF(H8:J8,">0") -> 3 | R8: =1-(MIN(H8:J8)/K8) -> 0.012118149
B9: 3 | C9: Planificación y diagnóstico | D9: Definición y ajuste técnico preliminar de las áreas priorizadas para intervención, mediante delimitación geográfica, verificación de condiciones espaciales y análisis de viabilidad para procesos de renaturalización. | E9: Como entregables de esta actividad se debe obtener la capa geográfica editable con la delimitación preliminar de las áreas priorizadas para intervención y cuadro consolidado con áreas estimadas, localización y observaciones de viabilidad técnica. | F9: UN | G9: 1 | H9: 5075000 | I9: 5000000 | J9: 5109002.5 | K9: =IFERROR(IF(O9>(0.15),ROUND(MEDIAN(H9:J9),0),ROUND(AVERAGE(H9:J9),0)),"") -> 5061334 | L9: =IFERROR(K9*G9,"") -> 5061334 | M9: FDLB-ES-C-099-2026 MACRO 7 | N9: =IFERROR(STDEV(H9:J9),"") -> 55771.431 | O9: =IFERROR(N9/AVERAGE(H9:J9),"") -> 0.011019117 | Q9: =COUNTIF(H9:J9,">0") -> 3 | R9: =1-(MIN(H9:J9)/K9) -> 0.012118149
B10: 4 | C10: Planificación y diagnóstico | D10: Verificación en campo de las áreas priorizadas mediante visitas técnicas, incluyendo la validación de condiciones físicas, espaciales, ambientales, operativas y sociales, así como posibles restricciones, conflictos de uso y percepción comunitaria frente a la viabilidad preliminar de las intervenciones de renaturalización. | E10: Como entregables de esta actividad se debe obtener una matriz consolidada de verificación en campo de las áreas priorizadas, que incluya información técnica, espacial, física, operativa y social de cada punto visitado, acompañada de registro fotográfico y observaciones preliminares de viabilidad para procesos de renaturalización. | F10: UN | G10: 1 | H10: 5075000 | I10: 5000000 | J10: 5109002.5 | K10: =IFERROR(IF(O10>(0.15),ROUND(MEDIAN(H10:J10),0),ROUND(AVERAGE(H10:J10),0)),"") -> 5061334 | L10: =IFERROR(K10*G10,"") -> 5061334 | M10: FDLB-ES-C-099-2026 MACRO 7 | N10: =IFERROR(STDEV(H10:J10),"") -> 55771.431 | O10: =IFERROR(N10/AVERAGE(H10:J10),"") -> 0.011019117 | Q10: =COUNTIF(H10:J10,">0") -> 3 | R10: =1-(MIN(H10:J10)/K10) -> 0.012118149
B11: 5 | C11: Planificación y diagnóstico | D11: Clasificación y caracterización preliminar de las superficies y coberturas identificadas, de acuerdo con su tipo, extensión, estado físico, condiciones de permeabilidad y potencial de transformación para procesos de renaturalización. | E11: Como entregables de esta actividad se debe generar un documento técnico que contenga la caracterización de las superficies y coberturas identificadas durante el diagnóstico, indicando su estado actual, condiciones de intervención y actividades preliminares recomendadas para procesos de renaturalización. | F11: UN | G11: 1 | H11: 5075000 | I11: 5000000 | J11: 5109002.5 | K11: =IFERROR(IF(O11>(0.15),ROUND(MEDIAN(H11:J11),0),ROUND(AVERAGE(H11:J11),0)),"") -> 5061334 | L11: =IFERROR(K11*G11,"") -> 5061334 | M11: FDLB-ES-C-099-2026 MACRO 7 | N11: =IFERROR(STDEV(H11:J11),"") -> 55771.431 | O11: =IFERROR(N11/AVERAGE(H11:J11),"") -> 0.011019117 | Q11: =COUNTIF(H11:J11,">0") -> 3 | R11: =1-(MIN(H11:J11)/K11) -> 0.012118149
B12: 6 | C12: Diseño técnico de las áreas renaturalizadas | D12: Evaluación técnica preliminar de las condiciones constructivas y operativas de las áreas priorizadas, incluyendo análisis de superficies existentes, requerimientos de demolición, excavación o adecuación, y demás condiciones relevantes para la implementación de las intervenciones de renaturalización. | E12: Como entregables de esta actividad se debe generar las fichas técnicas preliminares de intervención para las áreas priorizadas, incluyendo descripción de condiciones constructivas, requerimientos de adecuación, posibles actividades de demolición o excavación y observaciones operativas para la implementación. | F12: UN | G12: 1 | H12: 5075000 | I12: 5000000 | J12: 5109002.5 | K12: =IFERROR(IF(O12>(0.15),ROUND(MEDIAN(H12:J12),0),ROUND(AVERAGE(H12:J12),0)),"") -> 5061334 | L12: =IFERROR(K12*G12,"") -> 5061334 | M12: FDLB-ES-C-099-2026 MACRO 7 | N12: =IFERROR(STDEV(H12:J12),"") -> 55771.431 | O12: =IFERROR(N12/AVERAGE(H12:J12),"") -> 0.011019117 | Q12: =COUNTIF(H12:J12,">0") -> 3 | R12: =1-(MIN(H12:J12)/K12) -> 0.012118149
B13: 7 | C13: Diseño técnico de las áreas renaturalizadas | D13: Análisis preliminar de viabilidad técnica y operativa para la intervención de las áreas priorizadas, considerando las condiciones de remoción, adecuación o transformación de superficies existentes, estimación preliminar de material a retirar, accesibilidad operativa para maquinaria o intervención manual, posibles interferencias con redes de servicios públicos e infraestructura urbana, restricciones técnicas y normativas, requerimientos técnicos, riesgos asociados y demás condiciones relevantes para la implementación de procesos de renaturalización. | E13: Como entregables de esta actividad se debe generar un documento técnico preliminar de factibilidad de intervención, que incluya el análisis de viabilidad técnica y operativa de las áreas priorizadas, identificación preliminar de interferencias con redes de servicios públicos e infraestructura urbana, restricciones identificadas, métodos de intervención, requerimientos técnicos, riesgos asociados y clasificación de las áreas según su nivel preliminar de factibilidad de intervención (alta, media o baja) para la implementación de procesos de renaturalización. | F13: UN | G13: 1 | H13: 5075000 | I13: 5000000 | J13: 5109002.5 | K13: =IFERROR(IF(O13>(0.15),ROUND(MEDIAN(H13:J13),0),ROUND(AVERAGE(H13:J13),0)),"") -> 5061334 | L13: =IFERROR(K13*G13,"") -> 5061334 | M13: FDLB-ES-C-099-2026 MACRO 7 | N13: =IFERROR(STDEV(H13:J13),"") -> 55771.431 | O13: =IFERROR(N13/AVERAGE(H13:J13),"") -> 0.011019117 | Q13: =COUNTIF(H13:J13,">0") -> 3 | R13: =1-(MIN(H13:J13)/K13) -> 0.012118149
B14: 8 | C14: Diseño técnico de las áreas renaturalizadas | D14: Articulación y gestión técnica con las entidades administradoras o competentes sobre las áreas priorizadas, para la socialización, validación y viabilidad preliminar de las intervenciones propuestas de renaturalización. | F14: UN | G14: 1 | H14: 5075000 | I14: 5000000 | J14: 5109002.5 | K14: =IFERROR(IF(O14>(0.15),ROUND(MEDIAN(H14:J14),0),ROUND(AVERAGE(H14:J14),0)),"") -> 5061334 | L14: =IFERROR(K14*G14,"") -> 5061334 | M14: FDLB-ES-C-099-2026 MACRO 7 | N14: =IFERROR(STDEV(H14:J14),"") -> 55771.431 | O14: =IFERROR(N14/AVERAGE(H14:J14),"") -> 0.011019117 | Q14: =COUNTIF(H14:J14,">0") -> 3 | R14: =1-(MIN(H14:J14)/K14) -> 0.012118149
B15: 9 | C15: Diseño técnico de las áreas renaturalizadas | D15: Formulación conceptual de las intervenciones de renaturalización para las áreas priorizadas, incluyendo definición de tipologías y tratamientos, criterios de implantación vegetal, manejo de coberturas, estrategias de integración ambiental y demás lineamientos técnicos requeridos para la implementación, contemplando las observaciones y lineamientos emitidos por las entidades administradoras o competentes. | F15: UN | G15: 1 | H15: 5075000 | I15: 5000000 | J15: 5109002.5 | K15: =IFERROR(IF(O15>(0.15),ROUND(MEDIAN(H15:J15),0),ROUND(AVERAGE(H15:J15),0)),"") -> 5061334 | L15: =IFERROR(K15*G15,"") -> 5061334 | M15: FDLB-ES-C-099-2026 MACRO 7 | N15: =IFERROR(STDEV(H15:J15),"") -> 55771.431 | O15: =IFERROR(N15/AVERAGE(H15:J15),"") -> 0.011019117 | Q15: =COUNTIF(H15:J15,">0") -> 3 | R15: =1-(MIN(H15:J15)/K15) -> 0.012118149
B16: 10 | C16: Diseño técnico de las áreas renaturalizadas | D16: Selección preliminar de especies vegetales y coberturas asociadas para las intervenciones de renaturalización, de acuerdo con las condiciones ambientales, espaciales y funcionales de cada área priorizada, en articulación con el Jardín Botánico de Bogotá y las entidades administradoras o competentes sobre los espacios objeto de intervención. | E16: Como entregables de esta actividad se debe generar un listado preliminar de especies vegetales propuestas y soportes de articulación técnica adelantada con el Jardín Botánico de Bogotá y las entidades administradoras o competentes para la validación de las propuestas vegetales. | F16: UN | G16: 1 | H16: 5075000 | I16: 5000000 | J16: 5109002.5 | K16: =IFERROR(IF(O16>(0.15),ROUND(MEDIAN(H16:J16),0),ROUND(AVERAGE(H16:J16),0)),"") -> 5061334 | L16: =IFERROR(K16*G16,"") -> 5061334 | M16: FDLB-ES-C-099-2026 MACRO 7 | N16: =IFERROR(STDEV(H16:J16),"") -> 55771.431 | O16: =IFERROR(N16/AVERAGE(H16:J16),"") -> 0.011019117 | Q16: =COUNTIF(H16:J16,">0") -> 3 | R16: =1-(MIN(H16:J16)/K16) -> 0.012118149
B17: 11 | C17: Preparación del terreno y adecuación de las áreas renaturalizadas | D17: Retiro, demolición o adecuación controlada de pavimentos, superficies impermeables u otras coberturas artificiales presentes en las áreas objeto de intervención, de acuerdo con las condiciones técnicas y diseños definidos para los procesos de renaturalización. Incluye el cargue, transporte y disposición final de los residuos de construcción y demolición (RCD) y demás materiales generados durante la ejecución de la actividad, en sitios autorizados, de conformidad con la normativa ambiental vigente. | E17: Registro técnico y fotográfico de las actividades de retiro, demolición o adecuación realizadas en las áreas intervenidas, incluyendo la cuantificación preliminar de materiales retirados y su disposición correspondiente, cuando aplique. | F17: M2 | G17: 1 | H17: 63125.895 | I17: 62193 | J17: 63548.838 | K17: =IFERROR(IF(O17>(0.15),ROUND(MEDIAN(H17:J17),0),ROUND(AVERAGE(H17:J17),0)),"") -> 62956 | L17: =IFERROR(K17*G17,"") -> 62956 | M17: FDLB-ES-C-099-2026 MACRO 7 | N17: =IFERROR(STDEV(H17:J17),"") -> 693.71852 | O17: =IFERROR(N17/AVERAGE(H17:J17),"") -> 0.011019117 | Q17: =COUNTIF(H17:J17,">0") -> 3 | R17: =1-(MIN(H17:J17)/K17) -> 0.012119576
B18: 12 | C18: Preparación del terreno y adecuación de las áreas renaturalizadas | D18: Excavación, conformación y adecuación preliminar del terreno en las áreas intervenidas, de acuerdo con los requerimientos técnicos definidos para los procesos de renaturalización. Incluye el cargue, transporte, reutilización cuando sea técnicamente viable y disposición final del material sobrante producto de la excavación, en los casos en que aplique y conforme a la normativa ambiental vigente. | E18: Registro técnico y fotográfico de las actividades de excavación, conformación y adecuación del terreno realizadas en las áreas intervenidas. | F18: M3 | G18: 1 | H18: 76125 | I18: 75000 | J18: 76635.037 | K18: =IFERROR(IF(O18>(0.15),ROUND(MEDIAN(H18:J18),0),ROUND(AVERAGE(H18:J18),0)),"") -> 75920 | L18: =IFERROR(K18*G18,"") -> 75920 | M18: FDLB-ES-C-099-2026 MACRO 7 | N18: =IFERROR(STDEV(H18:J18),"") -> 836.57146 | O18: =IFERROR(N18/AVERAGE(H18:J18),"") -> 0.011019117 | Q18: =COUNTIF(H18:J18,">0") -> 3 | R18: =1-(MIN(H18:J18)/K18) -> 0.012118019
B19: 13 | C19: Preparación del terreno y adecuación de las áreas renaturalizadas | D19: Preparación y acondicionamiento del suelo en las áreas intervenidas, incluyendo actividades de remoción, aireación, perfilamiento y aplicación de enmiendas, mejoradores o sustratos, cuando las condiciones técnicas del terreno lo requieran para los procesos de renaturalización. | F19: M3 | G19: 1 | H19: 58870 | I19: 58000 | J19: 59264.429 | K19: =IFERROR(IF(O19>(0.15),ROUND(MEDIAN(H19:J19),0),ROUND(AVERAGE(H19:J19),0)),"") -> 58711 | L19: =IFERROR(K19*G19,"") -> 58711 | M19: FDLB-ES-C-099-2026 MACRO 7 | N19: =IFERROR(STDEV(H19:J19),"") -> 646.9486 | O19: =IFERROR(N19/AVERAGE(H19:J19),"") -> 0.011019117 | Q19: =COUNTIF(H19:J19,">0") -> 3 | R19: =1-(MIN(H19:J19)/K19) -> 0.012110167
B20: 14 | C20: Preparación del terreno y adecuación de las áreas renaturalizadas | D20: Implementación de elementos o soluciones de manejo hídrico y drenaje natural definidos en los diseños de intervención, cuando las condiciones técnicas de las áreas priorizadas lo requieran para favorecer los procesos de infiltración y renaturalización. | F20: M2 | G20: 1 | H20: 45675 | I20: 45000 | J20: 45981.022 | K20: =IFERROR(IF(O20>(0.15),ROUND(MEDIAN(H20:J20),0),ROUND(AVERAGE(H20:J20),0)),"") -> 45552 | L20: =IFERROR(K20*G20,"") -> 45552 | M20: FDLB-ES-C-099-2026 MACRO 7 | N20: =IFERROR(STDEV(H20:J20),"") -> 501.94288 | O20: =IFERROR(N20/AVERAGE(H20:J20),"") -> 0.011019117 | Q20: =COUNTIF(H20:J20,">0") -> 3 | R20: =1-(MIN(H20:J20)/K20) -> 0.012118019
B21: 15 | C21: Preparación del terreno y adecuación de las áreas renaturalizadas | D21: Ejecución de obras civiles complementarias requeridas para la adecuación y delimitación de las áreas intervenidas, incluyendo bordillos, remates, nivelaciones u otros elementos necesarios para la estabilidad, funcionalidad e integración de los procesos de renaturalización, de acuerdo con las necesidades identificadas en las fases de diagnóstico, factibilidad y diseño de intervención. Incluye el cargue, transporte, reutilización cuando sea técnicamente viable y disposición final de los materiales sobrantes y residuos de construcción y demolición (RCD) generados durante la ejecución de la actividad, en los casos en que aplique y de conformidad con la normativa vigente. | F21: M | G21: 1 | H21: 184730 | I21: 182000 | J21: 185967.69 | K21: =IFERROR(IF(O21>(0.15),ROUND(MEDIAN(H21:J21),0),ROUND(AVERAGE(H21:J21),0)),"") -> 184233 | L21: =IFERROR(K21*G21,"") -> 184233 | M21: FDLB-ES-C-099-2026 MACRO 7 | N21: =IFERROR(STDEV(H21:J21),"") -> 2030.0801 | O21: =IFERROR(N21/AVERAGE(H21:J21),"") -> 0.011019117 | Q21: =COUNTIF(H21:J21,">0") -> 3 | R21: =1-(MIN(H21:J21)/K21) -> 0.012120521
B22: 16 | C22: Implementación de la cobertura vegetal y elementos ecológicos | D22: Implementación integral de procesos de renaturalización y establecimiento de coberturas vegetales en las áreas intervenidas, de acuerdo con los diseños, tipologías y especies definidas durante la fase de diseño técnico y concertación institucional del proyecto. | F22: M2 | G22: 1 | H22: 53795 | I22: 53000 | J22: 54155.426 | K22: =IFERROR(IF(O22>(0.15),ROUND(MEDIAN(H22:J22),0),ROUND(AVERAGE(H22:J22),0)),"") -> 53650 | L22: =IFERROR(K22*G22,"") -> 53650 | M22: FDLB-ES-C-099-2026 MACRO 7 | N22: =IFERROR(STDEV(H22:J22),"") -> 591.17717 | O22: =IFERROR(N22/AVERAGE(H22:J22),"") -> 0.011019117 | Q22: =COUNTIF(H22:J22,">0") -> 3 | R22: =1-(MIN(H22:J22)/K22) -> 0.012115564
B23: 17 | C23: Implementación de la cobertura vegetal y elementos ecológicos | D23: Instalación de elementos básicos de señalización, delimitación o información ambiental asociados a las intervenciones de renaturalización, cuando las condiciones técnicas y administrativas de las áreas intervenidas lo permitan y requieran. | E23: Registro técnico y fotográfico de los elementos de señalización o información ambiental implementados en las áreas intervenidas. | F23: UN | G23: 1 | H23: 121800 | I23: 120000 | J23: 122616.06 | K23: =IFERROR(IF(O23>(0.15),ROUND(MEDIAN(H23:J23),0),ROUND(AVERAGE(H23:J23),0)),"") -> 121472 | L23: =IFERROR(K23*G23,"") -> 121472 | M23: FDLB-ES-C-099-2026 MACRO 7 | N23: =IFERROR(STDEV(H23:J23),"") -> 1338.5143 | O23: =IFERROR(N23/AVERAGE(H23:J23),"") -> 0.011019117 | Q23: =COUNTIF(H23:J23,">0") -> 3 | R23: =1-(MIN(H23:J23)/K23) -> 0.012118019
B24: 18 | C24: Alistamiento técnico y validación territorial | D24: Recopilación, revisión y análisis de información cartográfica, ambiental, territorial y urbanística disponible, incluyendo información de espacio público, coberturas vegetales, Estructura Ecológica Principal y demás insumos técnicos requeridos para la identificación preliminar de áreas con potencial de conectividad ecológica y fortalecimiento de conectores ecosistémicos. | F24: UN | G24: 1 | H24: 5075000 | I24: 5000000 | J24: 5109002.5 | K24: =IFERROR(IF(O24>(0.15),ROUND(MEDIAN(H24:J24),0),ROUND(AVERAGE(H24:J24),0)),"") -> 5061334 | L24: =IFERROR(K24*G24,"") -> 5061334 | M24: FDLB-ES-C-099-2026 MACRO 7 | N24: =IFERROR(STDEV(H24:J24),"") -> 55771.431 | O24: =IFERROR(N24/AVERAGE(H24:J24),"") -> 0.011019117 | Q24: =COUNTIF(H24:J24,">0") -> 3 | R24: =1-(MIN(H24:J24)/K24) -> 0.012118149
B25: 19 | C25: Alistamiento técnico y validación territorial | D25: Validación en campo de las áreas identificadas durante el análisis preliminar, verificando condiciones físicas, ambientales, paisajísticas y de accesibilidad, así como aspectos relacionados con conectividad ecológica, estado de coberturas, continuidad vegetal y posibles restricciones para la intervención. | F25: UN | G25: 1 | H25: 5075000 | I25: 5000000 | J25: 5109002.5 | K25: =IFERROR(IF(O25>(0.15),ROUND(MEDIAN(H25:J25),0),ROUND(AVERAGE(H25:J25),0)),"") -> 5061334 | L25: =IFERROR(K25*G25,"") -> 5061334 | M25: FDLB-ES-C-099-2026 MACRO 7 | N25: =IFERROR(STDEV(H25:J25),"") -> 55771.431 | O25: =IFERROR(N25/AVERAGE(H25:J25),"") -> 0.011019117 | Q25: =COUNTIF(H25:J25,">0") -> 3 | R25: =1-(MIN(H25:J25)/K25) -> 0.012118149
B26: 20 | C26: Alistamiento técnico y validación territorial | D26: Definición y delimitación preliminar de tramos o áreas con potencial de conectividad ecológica dentro del conector ecosistémico, teniendo en cuenta criterios de viabilidad técnica, ambiental y territorial, continuidad ecológica y posibles restricciones identificadas en campo. | E26: Se debe contemplar el costo de retiro y disposición final | F26: UN | G26: 1 | H26: 5075000 | I26: 5000000 | J26: 5109002.5 | K26: =IFERROR(IF(O26>(0.15),ROUND(MEDIAN(H26:J26),0),ROUND(AVERAGE(H26:J26),0)),"") -> 5061334 | L26: =IFERROR(K26*G26,"") -> 5061334 | M26: FDLB-ES-C-099-2026 MACRO 7 | N26: =IFERROR(STDEV(H26:J26),"") -> 55771.431 | O26: =IFERROR(N26/AVERAGE(H26:J26),"") -> 0.011019117 | Q26: =COUNTIF(H26:J26,">0") -> 3 | R26: =1-(MIN(H26:J26)/K26) -> 0.012118149
B27: 21 | C27: Implementación de acciones orientadas al fortalecimiento de la conectividad ecológica mediante el establecimiento, recuperación o consolidación de coberturas vegetales y demás estrategias acordes con las condiciones y necesidades identificadas en las áreas intervenidas, | D27: Implementación de especies vegetales nativas adaptadas a las condiciones ecológicas del área, orientadas a recuperar cobertura vegetal y fortalecer procesos de conectividad ecológica. | E27: Incluye suministro de cobertura vegetal nativa, plantación, fertilización inicial, primer riego y establecimiento. | F27: M2 | G27: 1 | H27: 30450 | I27: 30000 | J27: 30654.015 | K27: =IFERROR(IF(O27>(0.15),ROUND(MEDIAN(H27:J27),0),ROUND(AVERAGE(H27:J27),0)),"") -> 30368 | L27: =IFERROR(K27*G27,"") -> 30368 | M27: FDLB-ES-C-099-2026 MACRO 7 | N27: =IFERROR(STDEV(H27:J27),"") -> 334.62859 | O27: =IFERROR(N27/AVERAGE(H27:J27),"") -> 0.011019117 | Q27: =COUNTIF(H27:J27,">0") -> 3 | R27: =1-(MIN(H27:J27)/K27) -> 0.012118019
B28: 22 | C28: Implementación de acciones orientadas al fortalecimiento de la conectividad ecológica mediante el establecimiento, recuperación o consolidación de coberturas vegetales y demás estrategias acordes con las condiciones y necesidades identificadas en las áreas intervenidas, | D28: Siembra o instalación de especies herbáceas para protección del suelo, mejoramiento paisajístico y fortalecimiento de continuidad vegetal. | E28: Incluye suministro de herbáceas, siembra, acondicionamiento y primer establecimiento. | F28: M2 | G28: 1 | H28: 18270 | I28: 18000 | J28: 18392.409 | K28: =IFERROR(IF(O28>(0.15),ROUND(MEDIAN(H28:J28),0),ROUND(AVERAGE(H28:J28),0)),"") -> 18221 | L28: =IFERROR(K28*G28,"") -> 18221 | M28: FDLB-ES-C-099-2026 MACRO 7 | N28: =IFERROR(STDEV(H28:J28),"") -> 200.77715 | O28: =IFERROR(N28/AVERAGE(H28:J28),"") -> 0.011019117 | Q28: =COUNTIF(H28:J28,">0") -> 3 | R28: =1-(MIN(H28:J28)/K28) -> 0.012128862
B29: 23 | C29: Implementación de acciones orientadas al fortalecimiento de la conectividad ecológica mediante el establecimiento, recuperación o consolidación de coberturas vegetales y demás estrategias acordes con las condiciones y necesidades identificadas en las áreas intervenidas, | D29: Plantación de especies arbustivas que contribuyan a la conectividad ecológica, soporte para fauna y estabilización ecológica del área. | E29: Incluye suministro del arbusto, hoyado, plantación, fertilización, tutor (si aplica) y primer riego. | F29: UN | G29: 1 | H29: 28420 | I29: 28000 | J29: 28610.414 | K29: =IFERROR(IF(O29>(0.15),ROUND(MEDIAN(H29:J29),0),ROUND(AVERAGE(H29:J29),0)),"") -> 28343 | L29: =IFERROR(K29*G29,"") -> 28343 | M29: FDLB-ES-C-099-2026 MACRO 7 | N29: =IFERROR(STDEV(H29:J29),"") -> 312.32001 | O29: =IFERROR(N29/AVERAGE(H29:J29),"") -> 0.011019117 | Q29: =COUNTIF(H29:J29,">0") -> 3 | R29: =1-(MIN(H29:J29)/K29) -> 0.012101754
B30: 24 | C30: Implementación de acciones orientadas al fortalecimiento de la conectividad ecológica mediante el establecimiento, recuperación o consolidación de coberturas vegetales y demás estrategias acordes con las condiciones y necesidades identificadas en las áreas intervenidas, | D30: Instalación de vegetación lineal para delimitación ecológica, protección de áreas o fortalecimiento de conectividad vegetal. | E30: Incluye suministro de especies para conformar setos o barreras vivas, plantación y alineación. | F30: ML | G30: 1 | H30: 25375 | I30: 25000 | J30: 25545.012 | K30: =IFERROR(IF(O30>(0.15),ROUND(MEDIAN(H30:J30),0),ROUND(AVERAGE(H30:J30),0)),"") -> 25307 | L30: =IFERROR(K30*G30,"") -> 25307 | M30: FDLB-ES-C-099-2026 MACRO 7 | N30: =IFERROR(STDEV(H30:J30),"") -> 278.85715 | O30: =IFERROR(N30/AVERAGE(H30:J30),"") -> 0.011019117 | Q30: =COUNTIF(H30:J30,">0") -> 3 | R30: =1-(MIN(H30:J30)/K30) -> 0.012131031
B31: 25 | C31: Implementación de acciones orientadas al mejoramiento de las condiciones de soporte ecológico para fauna urbana y polinizadores, mediante estrategias acordes con las características y funcionalidad del área | D31: Establecimiento de áreas vegetales con especies nectaríferas y florales orientadas a favorecer la presencia y tránsito de insectos polinizadores. | F31: M2 | G31: 1 | H31: 32480 | I31: 32000 | J31: 32697.616 | K31: =IFERROR(IF(O31>(0.15),ROUND(MEDIAN(H31:J31),0),ROUND(AVERAGE(H31:J31),0)),"") -> 32393 | L31: =IFERROR(K31*G31,"") -> 32393 | M31: FDLB-ES-C-099-2026 MACRO 7 | N31: =IFERROR(STDEV(H31:J31),"") -> 356.93716 | O31: =IFERROR(N31/AVERAGE(H31:J31),"") -> 0.011019117 | Q31: =COUNTIF(H31:J31,">0") -> 3 | R31: =1-(MIN(H31:J31)/K31) -> 0.012132251
B32: 26 | C32: Implementación de acciones orientadas al mejoramiento de las condiciones de soporte ecológico para fauna urbana y polinizadores, mediante estrategias acordes con las características y funcionalidad del área | D32: Plantación de especies vegetales que provean alimento y soporte ecológico para polinizadores y fauna asociada. | F32: M2 | G32: 1 | H32: 35525 | I32: 35000 | J32: 35763.017 | K32: =IFERROR(IF(O32>(0.15),ROUND(MEDIAN(H32:J32),0),ROUND(AVERAGE(H32:J32),0)),"") -> 35429 | L32: =IFERROR(K32*G32,"") -> 35429 | M32: FDLB-ES-C-099-2026 MACRO 7 | N32: =IFERROR(STDEV(H32:J32),"") -> 390.40002 | O32: =IFERROR(N32/AVERAGE(H32:J32),"") -> 0.011019117 | Q32: =COUNTIF(H32:J32,">0") -> 3 | R32: =1-(MIN(H32:J32)/K32) -> 0.012108724
B33: 27 | C33: Implementación de acciones orientadas al mejoramiento de las condiciones de soporte ecológico para fauna urbana y polinizadores, mediante estrategias acordes con las características y funcionalidad del área | D33: Incorporación de elementos naturales para fauna | F33: UN | G33: 1 | H33: 213150 | I33: 210000 | J33: 214578.1 | K33: =IFERROR(IF(O33>(0.15),ROUND(MEDIAN(H33:J33),0),ROUND(AVERAGE(H33:J33),0)),"") -> 212576 | L33: =IFERROR(K33*G33,"") -> 212576 | M33: FDLB-ES-C-099-2026 MACRO 7 | N33: =IFERROR(STDEV(H33:J33),"") -> 2342.4001 | O33: =IFERROR(N33/AVERAGE(H33:J33),"") -> 0.011019117 | Q33: =COUNTIF(H33:J33,">0") -> 3 | R33: =1-(MIN(H33:J33)/K33) -> 0.012118019
B34: 28 | C34: Implementación de acciones orientadas al mejoramiento de las condiciones de soporte ecológico para fauna urbana y polinizadores, mediante estrategias acordes con las características y funcionalidad del área | D34: Generación de microhábitats | F34: UN | G34: 1 | H34: 152250 | I34: 150000 | J34: 153270.07 | K34: =IFERROR(IF(O34>(0.15),ROUND(MEDIAN(H34:J34),0),ROUND(AVERAGE(H34:J34),0)),"") -> 151840 | L34: =IFERROR(K34*G34,"") -> 151840 | M34: FDLB-ES-C-099-2026 MACRO 7 | N34: =IFERROR(STDEV(H34:J34),"") -> 1673.1429 | O34: =IFERROR(N34/AVERAGE(H34:J34),"") -> 0.011019117 | Q34: =COUNTIF(H34:J34,">0") -> 3 | R34: =1-(MIN(H34:J34)/K34) -> 0.012118019
B35: 29 | C35: Fase de identificación de áreas y articulación interinstitucional | D35: Identificación y validación de áreas localizadas dentro de la Estructura Ecológica Principal susceptibles de intervención, mediante revisión de información cartográfica, ambiental y territorial, así como validación en campo de condiciones ecológicas, cobertura vegetal, conectividad, degradación y posibles restricciones ambientales. | F35: UN | G35: 1 | H35: 5075000 | I35: 5000000 | J35: 5109002.5 | K35: =IFERROR(IF(O35>(0.15),ROUND(MEDIAN(H35:J35),0),ROUND(AVERAGE(H35:J35),0)),"") -> 5061334 | L35: =IFERROR(K35*G35,"") -> 5061334 | M35: FDLB-ES-C-099-2026 MACRO 7 | N35: =IFERROR(STDEV(H35:J35),"") -> 55771.431 | O35: =IFERROR(N35/AVERAGE(H35:J35),"") -> 0.011019117 | Q35: =COUNTIF(H35:J35,">0") -> 3 | R35: =1-(MIN(H35:J35)/K35) -> 0.012118149
B36: 30 | C36: Fase de identificación de áreas y articulación interinstitucional | D36: Evaluación preliminar de las condiciones ecológicas de las áreas identificadas, incluyendo análisis de cobertura vegetal, compactación, erosión, fragmentación, presencia de fauna, degradación ambiental y demás condiciones que permitan definir estrategias de conservación y recuperación ecológica. | F36: UN | G36: 1 | H36: 5075000 | I36: 5000000 | J36: 5109002.5 | K36: =IFERROR(IF(O36>(0.15),ROUND(MEDIAN(H36:J36),0),ROUND(AVERAGE(H36:J36),0)),"") -> 5061334 | L36: =IFERROR(K36*G36,"") -> 5061334 | M36: FDLB-ES-C-099-2026 MACRO 7 | N36: =IFERROR(STDEV(H36:J36),"") -> 55771.431 | O36: =IFERROR(N36/AVERAGE(H36:J36),"") -> 0.011019117 | Q36: =COUNTIF(H36:J36,">0") -> 3 | R36: =1-(MIN(H36:J36)/K36) -> 0.012118149
B37: 31 | C37: . Fase de recuperación y adecuación ecológica | D37: Implementación de acciones orientadas a mejorar las condiciones físicas y funcionales del suelo en áreas degradadas o compactadas, de acuerdo con las necesidades identificadas durante el diagnóstico. Escarificación superficial de suelos Descompactación de suelos Incorporación de material orgánico o sustratos Estabilización ecológica de áreas degradadas | E37: Las acciones de conservación se ejecutarán de acuerdo con las condiciones físicas, ambientales y ecológicas identificadas durante el diagnóstico del área de intervención. En este sentido, podrán contemplar actividades como escarificación superficial, descompactación de suelos, incorporación de material orgánico o sustratos, estabilización ecológica y demás medidas de conservación que resulten técnicamente necesarias para la recuperación y mantenimiento de las condiciones funcionales de la Estructura Ecológica Principal. Las actividades de conservación que, de acuerdo con el diagnóstico y las condiciones del área intervenida, generen materiales sobrantes o residuos, incluyen su retiro, cargue, transporte y disposición adecuada, cuando aplique, entendiéndose estos costos incorporados dentro del respectivo precio unitario. | F37: M2 | G37: 1 | H37: 25375 | I37: 25000 | J37: 25545.012 | K37: =IFERROR(IF(O37>(0.15),ROUND(MEDIAN(H37:J37),0),ROUND(AVERAGE(H37:J37),0)),"") -> 25307 | L37: =IFERROR(K37*G37,"") -> 25307 | M37: FDLB-ES-C-099-2026 MACRO 7 | N37: =IFERROR(STDEV(H37:J37),"") -> 278.85715 | O37: =IFERROR(N37/AVERAGE(H37:J37),"") -> 0.011019117 | Q37: =COUNTIF(H37:J37,">0") -> 3 | R37: =1-(MIN(H37:J37)/K37) -> 0.012131031
B38: 32 | C38: Plateo | D38: Se realizará un ciclo de plateo alrededor del individuo arbóreo, en un diámetro de 1,0 metro medido a partir del cuello del árbol | F38: UN | G38: 1 | H38: 31951.185 | I38: 31479 | J38: 32165.258 | K38: =IFERROR(IF(O38>(0.15),ROUND(MEDIAN(H38:J38),0),ROUND(AVERAGE(H38:J38),0)),"") -> 31865 | L38: =IFERROR(K38*G38,"") -> 31865 | M38: FDLB-ES-C-099-2026 MACRO 7 | N38: =IFERROR(STDEV(H38:J38),"") -> 351.12577 | O38: =IFERROR(N38/AVERAGE(H38:J38),"") -> 0.011019117 | Q38: =COUNTIF(H38:J38,">0") -> 3 | R38: =1-(MIN(H38:J38)/K38) -> 0.012113604
B39: 33 | C39: Replante | D39: Correspondiente al 10 % del total de individuos arbóreos, utilizando especies iguales a las previamente reemplazadas, con el fin de garantizar la continuidad de las condiciones paisajísticas y ecológicas del área intervenida. | E39: incluye suministro, transporte, siembra, tutor, fertilización y riego inicial | F39: UN | G39: 1 | H39: 235805.81 | I39: 232321 | J39: 237385.71 | K39: =IFERROR(IF(O39>(0.15),ROUND(MEDIAN(H39:J39),0),ROUND(AVERAGE(H39:J39),0)),"") -> 235171 | L39: =IFERROR(K39*G39,"") -> 235171 | M39: FDLB-ES-C-099-2026 MACRO 7 | N39: =IFERROR(STDEV(H39:J39),"") -> 2591.3749 | O39: =IFERROR(N39/AVERAGE(H39:J39),"") -> 0.011019117 | Q39: =COUNTIF(H39:J39,">0") -> 3 | R39: =1-(MIN(H39:J39)/K39) -> 0.012118841
B40: 34 | C40: Riego | D40: un ciclo de riego por individuo arbóreo, aplicado en un diámetro de 1,0 metro medido a partir del cuello del árbol | F40: UN | G40: 1 | H40: 25375 | I40: 25000 | J40: 25545.012 | K40: =IFERROR(IF(O40>(0.15),ROUND(MEDIAN(H40:J40),0),ROUND(AVERAGE(H40:J40),0)),"") -> 25307 | L40: =IFERROR(K40*G40,"") -> 25307 | M40: FDLB-ES-C-099-2026 MACRO 7 | N40: =IFERROR(STDEV(H40:J40),"") -> 278.85715 | O40: =IFERROR(N40/AVERAGE(H40:J40),"") -> 0.011019117 | Q40: =COUNTIF(H40:J40,">0") -> 3 | R40: =1-(MIN(H40:J40)/K40) -> 0.012131031
B41: 35 | C41: Poda | D41: Poda en individuos arbóreos con altura total menor a 2,0 metros | F41: UN | G41: 1 | H41: 31948.14 | I41: 31476 | J41: 32162.193 | K41: =IFERROR(IF(O41>(0.15),ROUND(MEDIAN(H41:J41),0),ROUND(AVERAGE(H41:J41),0)),"") -> 31862 | L41: =IFERROR(K41*G41,"") -> 31862 | M41: FDLB-ES-C-099-2026 MACRO 7 | N41: =IFERROR(STDEV(H41:J41),"") -> 351.09231 | O41: =IFERROR(N41/AVERAGE(H41:J41),"") -> 0.011019117 | Q41: =COUNTIF(H41:J41,">0") -> 3 | R41: =1-(MIN(H41:J41)/K41) -> 0.012114745
B42: 36 | C42: Poda | D42: Poda en individuos arbóreos con altura total superior a 2,0 metros | F42: UN | G42: 1 | H42: 46860.52 | I42: 46168 | J42: 47174.485 | K42: =IFERROR(IF(O42>(0.15),ROUND(MEDIAN(H42:J42),0),ROUND(AVERAGE(H42:J42),0)),"") -> 46734 | L42: =IFERROR(K42*G42,"") -> 46734 | M42: FDLB-ES-C-099-2026 MACRO 7 | N42: =IFERROR(STDEV(H42:J42),"") -> 514.97108 | O42: =IFERROR(N42/AVERAGE(H42:J42),"") -> 0.011019117 | Q42: =COUNTIF(H42:J42,">0") -> 3 | R42: =1-(MIN(H42:J42)/K42) -> 0.012111097
B43: 37 | C43: Fertilización edáfica | D43: 170 gramos de fertilizante 18-18-18, complementada con 30 gramos de sulfato de magnesio (MgSO₄), por cada metro cuadrado de copa del individuo arbóreo. Adicionalmente, se deberá incorporar un abono líquido que contenga macronutrientes como nitrógeno (N), fósforo (P), potasio (K), calcio (Ca) y magnesio (Mg), en concentraciones variables según las necesidades del suelo y del individuo vegetal. Asimismo, el abono deberá incluir micronutrientes esenciales como boro (B), cobre (Cu), hierro (Fe), manganeso (Mn), molibdeno (Mo) y zinc (Zn), con el fin de favorecer el adecuado desarrollo y estado fitosanitario del arbolado. | F43: M2 | G43: 1 | H43: 28755.965 | I43: 28331 | J43: 28948.63 | K43: =IFERROR(IF(O43>(0.15),ROUND(MEDIAN(H43:J43),0),ROUND(AVERAGE(H43:J43),0)),"") -> 28679 | L43: =IFERROR(K43*G43,"") -> 28679 | M43: FDLB-ES-C-099-2026 MACRO 7 | N43: =IFERROR(STDEV(H43:J43),"") -> 316.01208 | O43: =IFERROR(N43/AVERAGE(H43:J43),"") -> 0.011019117 | Q43: =COUNTIF(H43:J43,">0") -> 3 | R43: =1-(MIN(H43:J43)/K43) -> 0.012134314
B44: 38 | C44: Fertilización foliar | D44: Costo por litro del producto Dosis por árbol x ml | F44: ML | G44: 1 | H44: 27405 | I44: 27000 | J44: 27588.613 | K44: =IFERROR(IF(O44>(0.15),ROUND(MEDIAN(H44:J44),0),ROUND(AVERAGE(H44:J44),0)),"") -> 27331 | L44: =IFERROR(K44*G44,"") -> 27331 | M44: FDLB-ES-C-099-2026 MACRO 7 | N44: =IFERROR(STDEV(H44:J44),"") -> 301.16573 | O44: =IFERROR(N44/AVERAGE(H44:J44),"") -> 0.011019117 | Q44: =COUNTIF(H44:J44,">0") -> 3 | R44: =1-(MIN(H44:J44)/K44) -> 0.01211079
B45: 39 | C45: Manejo de Desechos | D45: Cargue, retiro, transporte y disposición final en sitios autorizados de los residuos generados durante las actividades de mantenimiento y poda, garantizando el cumplimiento de la normatividad ambiental vigente. Limpieza total del área intervenida | F45: M3 | G45: 1 | H45: 89462.1 | I45: 88140 | J45: 90061.496 | K45: =IFERROR(IF(O45>(0.15),ROUND(MEDIAN(H45:J45),0),ROUND(AVERAGE(H45:J45),0)),"") -> 89221 | L45: =IFERROR(K45*G45,"") -> 89221 | M45: FDLB-ES-C-099-2026 MACRO 7 | N45: =IFERROR(STDEV(H45:J45),"") -> 983.13878 | O45: =IFERROR(N45/AVERAGE(H45:J45),"") -> 0.011019117 | Q45: =COUNTIF(H45:J45,">0") -> 3 | R45: =1-(MIN(H45:J45)/K45) -> 0.012115982
B46: 40 | C46: Re-tutorado | D46: Hasta en el 10 % del total de individuos arbóreos, únicamente cuando se requiera, | F46: UN | G46: 1 | H46: 15184.4 | I46: 14960 | J46: 15286.135 | K46: =IFERROR(IF(O46>(0.15),ROUND(MEDIAN(H46:J46),0),ROUND(AVERAGE(H46:J46),0)),"") -> 15144 | L46: =IFERROR(K46*G46,"") -> 15144 | M46: FDLB-ES-C-099-2026 MACRO 7 | N46: =IFERROR(STDEV(H46:J46),"") -> 166.86812 | O46: =IFERROR(N46/AVERAGE(H46:J46),"") -> 0.011019117 | Q46: =COUNTIF(H46:J46,">0") -> 3 | R46: =1-(MIN(H46:J46)/K46) -> 0.012150026
B47: 41 | C47: Adición de sustrato | D47: Aplicación de sustrato conforme al área intervenida y al coeficiente de compactación del suelo, garantizando condiciones adecuadas para el desarrollo del arbolado. El sustrato deberá presentar un pH equilibrado entre 6,5 y 7, y características de fácil hidratación, | F47: UN | G47: 1 | H47: 89462.1 | I47: 88140 | J47: 90061.496 | K47: =IFERROR(IF(O47>(0.15),ROUND(MEDIAN(H47:J47),0),ROUND(AVERAGE(H47:J47),0)),"") -> 89221 | L47: =IFERROR(K47*G47,"") -> 89221 | M47: FDLB-ES-C-099-2026 MACRO 7 | N47: =IFERROR(STDEV(H47:J47),"") -> 983.13878 | O47: =IFERROR(N47/AVERAGE(H47:J47),"") -> 0.011019117 | Q47: =COUNTIF(H47:J47,">0") -> 3 | R47: =1-(MIN(H47:J47)/K47) -> 0.012115982
B48: 42 | C48: Cierres para los individuos arboreos | D48: Cerramiento perimetral del individuo arbóreo, el cual incluye la instalación de estacas en madera, polisombra y la mano de obra necesaria para su correcta ejecución | F48: UN | G48: 1 | H48: 41535.83 | I48: 40922 | J48: 41814.12 | K48: =IFERROR(IF(O48>(0.15),ROUND(MEDIAN(H48:J48),0),ROUND(AVERAGE(H48:J48),0)),"") -> 41424 | L48: =IFERROR(K48*G48,"") -> 41424 | M48: FDLB-ES-C-099-2026 MACRO 7 | N48: =IFERROR(STDEV(H48:J48),"") -> 456.4557 | O48: =IFERROR(N48/AVERAGE(H48:J48),"") -> 0.011019117 | Q48: =COUNTIF(H48:J48,">0") -> 3 | R48: =1-(MIN(H48:J48)/K48) -> 0.012118579
B49: 43 | C49: Eliminación de pastos PODA | D49: Consiste en la remoción manual o mecánica de pastos, malezas y vegetación herbácea no deseada alrededor de los árboles o en las áreas destinadas a la plantacióny/o mantenimiento | F49: M2 | G49: 1 | H49: 10150 | I49: 10000 | J49: 10218.005 | K49: =IFERROR(IF(O49>(0.15),ROUND(MEDIAN(H49:J49),0),ROUND(AVERAGE(H49:J49),0)),"") -> 10123 | L49: =IFERROR(K49*G49,"") -> 10123 | M49: FDLB-ES-C-099-2026 MACRO 7 | N49: =IFERROR(STDEV(H49:J49),"") -> 111.54286 | O49: =IFERROR(N49/AVERAGE(H49:J49),"") -> 0.011019117 | Q49: =COUNTIF(H49:J49,">0") -> 3 | R49: =1-(MIN(H49:J49)/K49) -> 0.012150548
B50: 44 | C50: Plantación de especies en el área de intervención | D50: establecimiento de individuos vegetales (árboles, arbustos o especies nativas) dentro del área definida para la restauración, compensación, reforestación, paisajismo o recuperación ambiental, aprobado por la SDA | F50: UN | G50: 1 | H50: 51219.892 | I50: 50462.948 | J50: 51563.066 | K50: =IFERROR(IF(O50>(0.15),ROUND(MEDIAN(H50:J50),0),ROUND(AVERAGE(H50:J50),0)),"") -> 51082 | L50: =IFERROR(K50*G50,"") -> 51082 | M50: FDLB-ES-C-099-2026 MACRO 7 | N50: =IFERROR(STDEV(H50:J50),"") -> 562.87816 | O50: =IFERROR(N50/AVERAGE(H50:J50),"") -> 0.011019117 | Q50: =COUNTIF(H50:J50,">0") -> 3 | R50: =1-(MIN(H50:J50)/K50) -> 0.012118788
B51: 45 | C51: Ahoyado | D51: Apertura del hoyo donde se instalará el individuo vegetal, realizada de manera mecánica o manual. El hoyo debe tener una dimensión mínima de 1 × 1 × 1 m (equivalente a 1 m³), evitando en lo posible la presencia de estructuras que puedan interferir en el desarrollo radicular del individuo plantado. | F51: UN | G51: 1 | H51: 55825 | I51: 55000 | J51: 56199.027 | K51: =IFERROR(IF(O51>(0.15),ROUND(MEDIAN(H51:J51),0),ROUND(AVERAGE(H51:J51),0)),"") -> 55675 | L51: =IFERROR(K51*G51,"") -> 55675 | M51: FDLB-ES-C-099-2026 MACRO 7 | N51: =IFERROR(STDEV(H51:J51),"") -> 613.48574 | O51: =IFERROR(N51/AVERAGE(H51:J51),"") -> 0.011019117 | Q51: =COUNTIF(H51:J51,">0") -> 3 | R51: =1-(MIN(H51:J51)/K51) -> 0.012123934
... B58: 52 | C58: Manual de Mantenimiento de Especies Arbóreas | D58: Guía detallada con recomendaciones y procedimientos para el cuidado continuo de los árboles (riego, poda, nutrición, etc.). (Incluye diseño, impresión,transporte) | F58: UN | G58: 1 | H58: 26505.71 | I58: 26114 | J58: 26683.298 | K58: =IFERROR(IF(O58>(0.15),ROUND(MEDIAN(H58:J58),0),ROUND(AVERAGE(H58:J58),0)),"") -> 26434 | L58: =IFERROR(K58*G58,"") -> 26434 | M58: FDLB-ES-C-099-2026 MACRO 7 | N58: =IFERROR(STDEV(H58:J58),"") -> 291.28303 | O58: =IFERROR(N58/AVERAGE(H58:J58),"") -> 0.011019117 | Q58: =COUNTIF(H58:J58,">0") -> 3 | R58: =1-(MIN(H58:J58)/K58) -> 0.012105622
B59: 53 | C59: Deshierbe y rebordeo | D59: La actividad de deshierbe se realiza manualmente para asegurar el buen desarrollo de los jardines y eliminar malezas. Incluye la delimitación de las zonas verdes y debe ejecutarse al menos una vez al mes por metro cuadrado, cubriendo así todos los mantenimientos necesarios. | E59: El servicio debe contemplar Trasnporte de personal, materiales y herramientas | F59: M2 | G59: 1 | H59: 31951.185 | I59: 31479 | J59: 32165.258 | K59: =IFERROR(IF(O59>(0.15),ROUND(MEDIAN(H59:J59),0),ROUND(AVERAGE(H59:J59),0)),"") -> 31865 | L59: =IFERROR(K59*G59,"") -> 31865 | M59: FDLB-ES-C-099-2026 MACRO 7 | N59: =IFERROR(STDEV(H59:J59),"") -> 351.12577 | O59: =IFERROR(N59/AVERAGE(H59:J59),"") -> 0.011019117 | Q59: =COUNTIF(H59:J59,">0") -> 3 | R59: =1-(MIN(H59:J59)/K59) -> 0.012113604
B60: 54 | C60: Mantenimiento de suelo | D60: Debe llevarse a cabo al menos una vez al mes por metro cuadrado, cubriendo así todos los mantenimientos necesarios. | E60: El servicio debe contemplar Trasnporte de personal, materiales y herramientas | F60: M2 | G60: 1 | H60: 31951.185 | I60: 31479 | J60: 32165.258 | K60: =IFERROR(IF(O60>(0.15),ROUND(MEDIAN(H60:J60),0),ROUND(AVERAGE(H60:J60),0)),"") -> 31865 | L60: =IFERROR(K60*G60,"") -> 31865 | M60: FDLB-ES-C-099-2026 MACRO 7 | N60: =IFERROR(STDEV(H60:J60),"") -> 351.12577 | O60: =IFERROR(N60/AVERAGE(H60:J60),"") -> 0.011019117 | Q60: =COUNTIF(H60:J60,">0") -> 3 | R60: =1-(MIN(H60:J60)/K60) -> 0.012113604
B61: 55 | C61: Riego | D61: La actividad asegura el buen desarrollo de los jardines mediante el suministro de 20 litros de agua por metro cuadrado. Debe realizarse al menos una vez al mes, cubriendo así todos los mantenimientos requeridos. | E61: El servicio debe contemplar Trasnporte de personal, materiales y herramientas | F61: M2 | G61: 1 | H61: 39511.92 | I61: 38928 | J61: 39776.65 | K61: =IFERROR(IF(O61>(0.15),ROUND(MEDIAN(H61:J61),0),ROUND(AVERAGE(H61:J61),0)),"") -> 39406 | L61: =IFERROR(K61*G61,"") -> 39406 | M61: FDLB-ES-C-099-2026 MACRO 7 | N61: =IFERROR(STDEV(H61:J61),"") -> 434.21405 | O61: =IFERROR(N61/AVERAGE(H61:J61),"") -> 0.011019117 | Q61: =COUNTIF(H61:J61,">0") -> 3 | R61: =1-(MIN(H61:J61)/K61) -> 0.012130132
B62: 56 | C62: Poda | D62: La actividad consiste en retirar hojas o partes secas, deterioradas o con problemas sanitarios de las plantas para asegurar su adecuado mantenimiento. Se debe realizar al menos una vez al mes por metro cuadrado, cubriendo todos los mantenimientos necesarios. | E62: El servicio debe contemplar Trasnporte de personal, materiales y herramientas | F62: M2 | G62: 1 | H62: 31951.185 | I62: 31479 | J62: 32165.258 | K62: =IFERROR(IF(O62>(0.15),ROUND(MEDIAN(H62:J62),0),ROUND(AVERAGE(H62:J62),0)),"") -> 31865 | L62: =IFERROR(K62*G62,"") -> 31865 | M62: FDLB-ES-C-099-2026 MACRO 7 | N62: =IFERROR(STDEV(H62:J62),"") -> 351.12577 | O62: =IFERROR(N62/AVERAGE(H62:J62),"") -> 0.011019117 | Q62: =COUNTIF(H62:J62,">0") -> 3 | R62: =1-(MIN(H62:J62)/K62) -> 0.012113604
B63: 57 | C63: Fertilización | D63: La actividad consiste en aplicar fertilizante químico al suelo de forma manual, seguido de riego para facilitar su absorción por las plantas. Debe realizarse al menos una vez al mes por metro cuadrado, cubriendo todos los mantenimientos necesarios. | E63: El servicio debe contemplar Trasnporte de personal, materiales y herramientas | F63: M2 | G63: 1 | H63: 82006.925 | I63: 80795 | J63: 82556.371 | K63: =IFERROR(IF(O63>(0.15),ROUND(MEDIAN(H63:J63),0),ROUND(AVERAGE(H63:J63),0)),"") -> 81786 | L63: =IFERROR(K63*G63,"") -> 81786 | M63: FDLB-ES-C-099-2026 MACRO 7 | N63: =IFERROR(STDEV(H63:J63),"") -> 901.21055 | O63: =IFERROR(N63/AVERAGE(H63:J63),"") -> 0.011019117 | Q63: =COUNTIF(H63:J63,">0") -> 3 | R63: =1-(MIN(H63:J63)/K63) -> 0.012116988
B64: 58 | C64: Manejo de desechos | D64: La actividad consiste en la recolección y adecuada disposición de los residuos y escombros generados durante las labores de mantenimiento de jardines, en cumplimiento de la normativa ambiental vigente. Los residuos deberán ser clasificados, empacados en bolsas y dispuestos en los puntos previamente definidos para su recolección. Estos puntos deberán contar con señalización temporal durante el proceso de acopio, con el fin de garantizar condiciones adecuadas de seguridad y orden. Asimismo, se deberá asegurar la recolección, transporte y disposición final de los residuos en sitios debidamente autorizados, conforme a la normativa ambiental aplicable, garantizando prácticas responsables de manejo de residuos. | E64: El servicio debe contemplar Trasnporte de personal, materiales y herramientas | F64: M2 | G64: 1 | H64: 89462.1 | I64: 88140 | J64: 90061.496 | K64: =IFERROR(IF(O64>(0.15),ROUND(MEDIAN(H64:J64),0),ROUND(AVERAGE(H64:J64),0)),"") -> 89221 | L64: =IFERROR(K64*G64,"") -> 89221 | M64: FDLB-ES-C-099-2026 MACRO 7 | N64: =IFERROR(STDEV(H64:J64),"") -> 983.13878 | O64: =IFERROR(N64/AVERAGE(H64:J64),"") -> 0.011019117 | Q64: =COUNTIF(H64:J64,">0") -> 3 | R64: =1-(MIN(H64:J64)/K64) -> 0.012115982
B65: 59 | C65: Replante | D65: Recuperación de la pérdida del material vegetal determinando las causas de desaparición o muerte; en promedio el porcentaje puede oscilar entre un 5% o 30%. | E65: El servicio debe contemplar Trasnporte de personal, materiales y herramientas | F65: M2 | G65: 1 | H65: 106502.93 | I65: 104929 | J65: 107216.5 | K65: =IFERROR(IF(O65>(0.15),ROUND(MEDIAN(H65:J65),0),ROUND(AVERAGE(H65:J65),0)),"") -> 106216 | L65: =IFERROR(K65*G65,"") -> 106216 | M65: FDLB-ES-C-099-2026 MACRO 7 | N65: =IFERROR(STDEV(H65:J65),"") -> 1170.4081 | O65: =IFERROR(N65/AVERAGE(H65:J65),"") -> 0.011019117 | Q65: =COUNTIF(H65:J65,">0") -> 3 | R65: =1-(MIN(H65:J65)/K65) -> 0.012116819
B66: 60 | C66: Transporte mayor | D66: Transporte de material vegetal, insumos, herramientas y equipos del punto de acopio o bodega hasta el sitio de intervención mediante vehículo de carga. Incluye cargue, descargue, combustible, conductor y costos operativos. | F66: VIAJE | G66: 1 | H66: 456750 | I66: 450000 | J66: 459810.22 | K66: =IFERROR(IF(O66>(0.15),ROUND(MEDIAN(H66:J66),0),ROUND(AVERAGE(H66:J66),0)),"") -> 455520 | L66: =IFERROR(K66*G66,"") -> 455520 | M66: FDLB-ES-C-099-2026 MACRO 7 | N66: =IFERROR(STDEV(H66:J66),"") -> 5019.4288 | O66: =IFERROR(N66/AVERAGE(H66:J66),"") -> 0.011019117 | Q66: =COUNTIF(H66:J66,">0") -> 3 | R66: =1-(MIN(H66:J66)/K66) -> 0.012118019
B67: 61 | C67: Transporte menor | D67: Distribución manual de árboles, insumos, herramientas y materiales desde el punto de descarga hasta el sitio definitivo de plantación o intervención. Incluye cargue, descargue y movilización en campo. | F67: UN | G67: 1 | H67: 4060 | I67: 4000 | J67: 4087.202 | K67: =IFERROR(IF(O67>(0.15),ROUND(MEDIAN(H67:J67),0),ROUND(AVERAGE(H67:J67),0)),"") -> 4049 | L67: =IFERROR(K67*G67,"") -> 4049 | M67: FDLB-ES-C-099-2026 MACRO 7 | N67: =IFERROR(STDEV(H67:J67),"") -> 44.617145 | O67: =IFERROR(N67/AVERAGE(H67:J67),"") -> 0.011019117 | Q67: =COUNTIF(H67:J67,">0") -> 3 | R67: =1-(MIN(H67:J67)/K67) -> 0.012101754
B68: 62 | C68: Manual de Mantenimiento | D68: Manual mediante el cual se pueda continuar con el mantenimiento de las especies sembradas. (Incluye diseño, impresión,transporte) | E68: El servicio debe contemplar Trasnporte de personal, materiales y herramientas | F68: UN | G68: 1 | H68: 26505.71 | I68: 26114 | J68: 26683.298 | K68: =IFERROR(IF(O68>(0.15),ROUND(MEDIAN(H68:J68),0),ROUND(AVERAGE(H68:J68),0)),"") -> 26434 | L68: =IFERROR(K68*G68,"") -> 26434 | M68: FDLB-ES-C-099-2026 MACRO 7 | N68: =IFERROR(STDEV(H68:J68),"") -> 291.28303 | O68: =IFERROR(N68/AVERAGE(H68:J68),"") -> 0.011019117 | Q68: =COUNTIF(H68:J68,">0") -> 3 | R68: =1-(MIN(H68:J68)/K68) -> 0.012105622
B69: 63 | C69: Revisión estructural (LABORATORIOS) | D69: Evaluación de capacidad estructural: Determinación adecuada de la capacidad de carga de la infraestructura para la instalación del muro o techo verde. Evaluación de Impermeabilización y drenaje Pruebas de estanqueidad Evaluación de pendiente requerida Estudio de vialbilidad de la implementación del muro o techo verde Radiación y viento Altitud Temperatura Precipitación | E69: Estudios de evaluación que garanticen que la estructura soporte el sistema y que el mismo sea funcional. | F69: M2 | G69: 1 | H69: 402365.28 | I69: 396419 | J69: 405061.13 | K69: =IFERROR(IF(O69>(0.15),ROUND(MEDIAN(H69:J69),0),ROUND(AVERAGE(H69:J69),0)),"") -> 401282 | L69: =IFERROR(K69*G69,"") -> 401282 | M69: FDLB-ES-C-099-2026 MACRO 7 | N69: =IFERROR(STDEV(H69:J69),"") -> 4421.771 | O69: =IFERROR(N69/AVERAGE(H69:J69),"") -> 0.011019117 | Q69: =COUNTIF(H69:J69,">0") -> 3 | R69: =1-(MIN(H69:J69)/K69) -> 0.01211866
B70: 64 | C70: Limpieza y aplicación de capas base (impermeabilización, drenaje entre otras) | D70: Realizar la aplicación de la capa base ( según se requiera) | F70: M2 | G70: 1 | H70: 42601.58 | I70: 41972 | J70: 42887.011 | K70: =IFERROR(IF(O70>(0.15),ROUND(MEDIAN(H70:J70),0),ROUND(AVERAGE(H70:J70),0)),"") -> 42487 | L70: =IFERROR(K70*G70,"") -> 42487 | M70: FDLB-ES-C-099-2026 MACRO 7 | N70: =IFERROR(STDEV(H70:J70),"") -> 468.1677 | O70: =IFERROR(N70/AVERAGE(H70:J70),"") -> 0.011019117 | Q70: =COUNTIF(H70:J70,">0") -> 3 | R70: =1-(MIN(H70:J70)/K70) -> 0.012121355
B71: 65 | C71: Ajustes paisajísticos en caso de requerirse | D71: Determinación de parámetros de diseño (evitar obstrucción del drenaje) | F71: M2 | G71: 1 | H71: 1065023.3 | I71: 1049284 | J71: 1072158.9 | K71: =IFERROR(IF(O71>(0.15),ROUND(MEDIAN(H71:J71),0),ROUND(AVERAGE(H71:J71),0)),"") -> 1062155 | L71: =IFERROR(K71*G71,"") -> 1062155 | M71: FDLB-ES-C-099-2026 MACRO 7 | N71: =IFERROR(STDEV(H71:J71),"") -> 11704.014 | O71: =IFERROR(N71/AVERAGE(H71:J71),"") -> 0.011019117 | Q71: =COUNTIF(H71:J71,">0") -> 3 | R71: =1-(MIN(H71:J71)/K71) -> 0.012117817
B72: 66 | C72: Instalación de barreras antirraíces, geotextiles y demás necesarias | D72: Determinar y realizar la instalación de los insumos necearios que cumpla con las especificaciones técnicas del proyecto: Resistencia a raíces Determinación del material (Geo celdas o laminas nodulares) Determinación de la altura de 2 a 4 cm Determinación del material (polipropileno o poliéster no tejido | F72: M2 | G72: 1 | H72: 106502.93 | I72: 104929 | J72: 107216.5 | K72: =IFERROR(IF(O72>(0.15),ROUND(MEDIAN(H72:J72),0),ROUND(AVERAGE(H72:J72),0)),"") -> 106216 | L72: =IFERROR(K72*G72,"") -> 106216 | M72: FDLB-ES-C-099-2026 MACRO 7 | N72: =IFERROR(STDEV(H72:J72),"") -> 1170.4081 | O72: =IFERROR(N72/AVERAGE(H72:J72),"") -> 0.011019117 | Q72: =COUNTIF(H72:J72,">0") -> 3 | R72: =1-(MIN(H72:J72)/K72) -> 0.012116819
B73: 67 | C73: Aplicación del sustrato liviano y nivelado | D73: Aplicación de los componentes seleccionados para el techo o muro verde, usar el sustrato adecuado y especifico de acuerdo al tipo de especie vegetal y nivelarlo apropiadamente | F73: M2 | G73: 1 | H73: 63901.355 | I73: 62957 | J73: 64329.494 | K73: =IFERROR(IF(O73>(0.15),ROUND(MEDIAN(H73:J73),0),ROUND(AVERAGE(H73:J73),0)),"") -> 63729 | L73: =IFERROR(K73*G73,"") -> 63729 | M73: FDLB-ES-C-099-2026 MACRO 7 | N73: =IFERROR(STDEV(H73:J73),"") -> 702.24039 | O73: =IFERROR(N73/AVERAGE(H73:J73),"") -> 0.011019117 | Q73: =COUNTIF(H73:J73,">0") -> 3 | R73: =1-(MIN(H73:J73)/K73) -> 0.012113794
B74: 68 | C74: Siembra o plantación de las especies vegetales seleccionadas | D74: Deacuerdo a los parametros de diseño seleccionados | F74: M2 | G74: 1 | H74: 639406.35 | I74: 629957 | J74: 643690.38 | K74: =IFERROR(IF(O74>(0.15),ROUND(MEDIAN(H74:J74),0),ROUND(AVERAGE(H74:J74),0)),"") -> 637685 | L74: =IFERROR(K74*G74,"") -> 637685 | M74: FDLB-ES-C-099-2026 MACRO 7 | N74: =IFERROR(STDEV(H74:J74),"") -> 7026.7207 | O74: =IFERROR(N74/AVERAGE(H74:J74),"") -> 0.011019117 | Q74: =COUNTIF(H74:J74,">0") -> 3 | R74: =1-(MIN(H74:J74)/K74) -> 0.012118836
B75: 69 | C75: Riego inicial y señalización | D75: Definr el tipo de riego adeucado para el funcionamiento del muro o techo verde Manual Goteo Automatizado Recirculación de aguas lluvias Ademas implementar la señalización adecuada para evitar daños por externos en el muro o techo verde instalado (Determinación de accesibilidad e implementación de barreras en caso de ser accesible al público) | F75: M2 | G75: 1 | H75: 74551.75 | I75: 73450 | J75: 75051.247 | K75: =IFERROR(IF(O75>(0.15),ROUND(MEDIAN(H75:J75),0),ROUND(AVERAGE(H75:J75),0)),"") -> 74351 | L75: =IFERROR(K75*G75,"") -> 74351 | M75: FDLB-ES-C-099-2026 MACRO 7 | N75: =IFERROR(STDEV(H75:J75),"") -> 819.28232 | O75: =IFERROR(N75/AVERAGE(H75:J75),"") -> 0.011019117 | Q75: =COUNTIF(H75:J75,">0") -> 3 | R75: =1-(MIN(H75:J75)/K75) -> 0.012118196 | V75: =IFERROR(IF(O75>(0.15),ROUND(MEDIAN(T75:U75),0),ROUND(AVERAGE(T75:U75),0)),"")
B76: 70 | C76: Manual de Mantenimiento de Especies Vegetales | D76: Guía detallada con las recomendaciones y procedimientos para el cuidado continuo (riego, poda, nutrición, etc.) de las especies sembradas en los techos y muros verdes. Este manual deberá ser entregado y validado mediante acta firmada por los beneficiarios. (Incluye diseño, impresión,transporte) | F76: UN | G76: 1 | H76: 26505.71 | I76: 26114 | J76: 26683.298 | K76: =IFERROR(IF(O76>(0.15),ROUND(MEDIAN(H76:J76),0),ROUND(AVERAGE(H76:J76),0)),"") -> 26434 | L76: =IFERROR(K76*G76,"") -> 26434 | M76: FDLB-ES-C-099-2026 MACRO 7 | N76: =IFERROR(STDEV(H76:J76),"") -> 291.28303 | O76: =IFERROR(N76/AVERAGE(H76:J76),"") -> 0.011019117 | Q76: =COUNTIF(H76:J76,">0") -> 3 | R76: =1-(MIN(H76:J76)/K76) -> 0.012105622 | V76: =IFERROR(IF(O76>(0.15),ROUND(MEDIAN(T76:U76),0),ROUND(AVERAGE(T76:U76),0)),"")
B77: 71 | C77: desmonte de estructura muros y techos instalados | D77: Consiste en el desmontaje, retiro y disposición de los elementos que conforman un sistema de muro verde o techo verde existente, incluyendo material vegetal, sustratos, módulos, bandejas, paneles, sistemas de riego, geotextiles, elementos de drenaje, anclajes, perfilería metálica, accesorios y demás componentes asociados. | F77: M2 | G77: 1 | H77: 50750 | I77: 50000 | J77: 51090.025 | K77: =IFERROR(IF(O77>(0.15),ROUND(MEDIAN(H77:J77),0),ROUND(AVERAGE(H77:J77),0)),"") -> 50613 | L77: =IFERROR(K77*G77,"") -> 50613 | M77: FDLB-ES-C-099-2026 MACRO 7 | N77: =IFERROR(STDEV(H77:J77),"") -> 557.71431 | O77: =IFERROR(N77/AVERAGE(H77:J77),"") -> 0.011019117 | Q77: =COUNTIF(H77:J77,">0") -> 3 | R77: =1-(MIN(H77:J77)/K77) -> 0.012111513 | V77: =IFERROR(IF(O77>(0.15),ROUND(MEDIAN(T77:U77),0),ROUND(AVERAGE(T77:U77),0)),"")
B78: 72 | C78: Limpieza de de estructura muros y techos instalados | D78: Consiste en la limpieza general de las estructuras que conforman los sistemas de muros verdes y techos verdes instalados, con el fin de garantizar su adecuado funcionamiento, conservación y apariencia | F78: M2 | G78: 1 | H78: 12180 | I78: 12000 | J78: 12261.606 | K78: =IFERROR(IF(O78>(0.15),ROUND(MEDIAN(H78:J78),0),ROUND(AVERAGE(H78:J78),0)),"") -> 12147 | L78: =IFERROR(K78*G78,"") -> 12147 | M78: FDLB-ES-C-099-2026 MACRO 7 | N78: =IFERROR(STDEV(H78:J78),"") -> 133.85143 | O78: =IFERROR(N78/AVERAGE(H78:J78),"") -> 0.011019117 | Q78: =COUNTIF(H78:J78,">0") -> 3 | R78: =1-(MIN(H78:J78)/K78) -> 0.012101754 | V78: =IFERROR(IF(O78>(0.15),ROUND(MEDIAN(T78:U78),0),ROUND(AVERAGE(T78:U78),0)),"")
B79: 73 | C79: Poda técnica, control de crecimiento y retiro de material vegetal seco. | D79: Corte técnico de ramas, hojas secas o enfermas, perfilado estético del diseño paisajístico, deshierbe manual y remoción de material fitosanitario deficiente en muros o techos verdes. Incluye mano de obra calificada y herramientas menores. | E79: El servicio de matenimiento incluye el suministro de insumos, elementos, transporte, armado y desarme de andamios, líneas de vida o alquiler de plataformas elevadoras requeridas para ejecutar el mantenimiento en fachadas verdes de difícil acceso. | F79: M2 | G79: 1 | H79: 45675 | I79: 45000 | J79: 45981.022 | K79: =IFERROR(IF(O79>(0.15),ROUND(MEDIAN(H79:J79),0),ROUND(AVERAGE(H79:J79),0)),"") -> 45552 | L79: =IFERROR(K79*G79,"") -> 45552 | M79: FDLB-ES-C-099-2026 MACRO 7 | N79: =IFERROR(STDEV(H79:J79),"") -> 501.94288 | O79: =IFERROR(N79/AVERAGE(H79:J79),"") -> 0.011019117 | Q79: =COUNTIF(H79:J79,">0") -> 3 | R79: =1-(MIN(H79:J79)/K79) -> 0.012118019 | V79: =IFERROR(IF(O79>(0.15),ROUND(MEDIAN(T79:U79),0),ROUND(AVERAGE(T79:U79),0)),"")
B80: 74 | C80: Suministro y aplicación de fertilizantes y nutrientes orgánicos. | D80: Incorporación dirigida de abonos líquidos o sólidos hidrosolubles específicos (foliares o de liberación controlada) de origen orgánico. Incluye el suministro del insumo, preparación de la mezcla y su aplicación por aspersión o sistema de riego. | E80: El servicio de matenimiento incluye el suministro de insumos, elementos, transporte, armado y desarme de andamios, líneas de vida o alquiler de plataformas elevadoras requeridas para ejecutar el mantenimiento en fachadas verdes de difícil acceso. | F80: M2 | G80: 1 | H80: 9135 | I80: 9000 | J80: 9196.2045 | K80: =IFERROR(IF(O80>(0.15),ROUND(MEDIAN(H80:J80),0),ROUND(AVERAGE(H80:J80),0)),"") -> 9110 | L80: =IFERROR(K80*G80,"") -> 9110 | M80: FDLB-ES-C-099-2026 MACRO 7 | N80: =IFERROR(STDEV(H80:J80),"") -> 100.38858 | O80: =IFERROR(N80/AVERAGE(H80:J80),"") -> 0.011019117 | Q80: =COUNTIF(H80:J80,">0") -> 3 | R80: =1-(MIN(H80:J80)/K80) -> 0.012074643 | V80: =IFERROR(IF(O80>(0.15),ROUND(MEDIAN(T80:U80),0),ROUND(AVERAGE(T80:U80),0)),"")
B81: 75 | C81: Reposición de material vegetal (Plantas de reemplazo). | D81: Adquisición, transporte, retiro del espécimen muerto, suministro de sustrato de siembra inicial e instalación de plantas nuevas de las mismas especies aprobadas en el diseño original o adaptadas al microclima. | E81: El servicio de matenimiento incluye el suministro de insumos, elementos, transporte, armado y desarme de andamios, líneas de vida o alquiler de plataformas elevadoras requeridas para ejecutar el mantenimiento en fachadas verdes de difícil acceso. | F81: UN | G81: 1 | H81: 25375 | I81: 25000 | J81: 25545.012 | K81: =IFERROR(IF(O81>(0.15),ROUND(MEDIAN(H81:J81),0),ROUND(AVERAGE(H81:J81),0)),"") -> 25307 | L81: =IFERROR(K81*G81,"") -> 25307 | M81: FDLB-ES-C-099-2026 MACRO 7 | N81: =IFERROR(STDEV(H81:J81),"") -> 278.85715 | O81: =IFERROR(N81/AVERAGE(H81:J81),"") -> 0.011019117 | Q81: =COUNTIF(H81:J81,">0") -> 3 | R81: =1-(MIN(H81:J81)/K81) -> 0.012131031 | V81: =IFERROR(IF(O81>(0.15),ROUND(MEDIAN(T81:U81),0),ROUND(AVERAGE(T81:U81),0)),"")
B82: 76 | C82: Inspección y limpieza de canales, desagües y sistemas de drenaje. | D82: Retiro de sedimentos, lodos y hojas caídas acumuladas en las canaletas de recolección de agua del techo o la base del muro verde para prevenir inundaciones, humedades o filtraciones hacia la edificación. | E82: El servicio de matenimiento incluye el suministro de insumos, elementos, transporte, armado y desarme de andamios, líneas de vida o alquiler de plataformas elevadoras requeridas para ejecutar el mantenimiento en fachadas verdes de difícil acceso. | F82: M | G82: 1 | H82: 10150 | I82: 10000 | J82: 10218.005 | K82: =IFERROR(IF(O82>(0.15),ROUND(MEDIAN(H82:J82),0),ROUND(AVERAGE(H82:J82),0)),"") -> 10123 | L82: =IFERROR(K82*G82,"") -> 10123 | M82: FDLB-ES-C-099-2026 MACRO 7 | N82: =IFERROR(STDEV(H82:J82),"") -> 111.54286 | O82: =IFERROR(N82/AVERAGE(H82:J82),"") -> 0.011019117 | Q82: =COUNTIF(H82:J82,">0") -> 3 | R82: =1-(MIN(H82:J82)/K82) -> 0.012150548 | V82: =IFERROR(IF(O82>(0.15),ROUND(MEDIAN(T82:U82),0),ROUND(AVERAGE(T82:U82),0)),"")
B83: 77 | C83: Revisión de la capa impermeable y módulos de soporte (Geotextiles/Paneles). | D83: Inspección técnica visual estructurada para identificar filtraciones de raíces, rupturas en geomembranas protectoras o desprendimientos en los herrajes o paneles que sostienen las plantas. Minimo entregable / Verificable :1. Mapa de calor o plano de zonificación del muro/techo indicando los puntos evaluados, Ficha de diagnóstico estructural con firmas de aprobación de la interventoría. | E83: El servicio de matenimiento incluye el suministro de insumos, elementos, transporte, armado y desarme de andamios, líneas de vida o alquiler de plataformas elevadoras requeridas para ejecutar el mantenimiento en fachadas verdes de difícil acceso. | F83: M2 | G83: 1 | H83: 12180 | I83: 12000 | J83: 12261.606 | K83: =IFERROR(IF(O83>(0.15),ROUND(MEDIAN(H83:J83),0),ROUND(AVERAGE(H83:J83),0)),"") -> 12147 | L83: =IFERROR(K83*G83,"") -> 12147 | M83: FDLB-ES-C-099-2026 MACRO 7 | N83: =IFERROR(STDEV(H83:J83),"") -> 133.85143 | O83: =IFERROR(N83/AVERAGE(H83:J83),"") -> 0.011019117 | Q83: =COUNTIF(H83:J83,">0") -> 3 | R83: =1-(MIN(H83:J83)/K83) -> 0.012101754 | V83: =IFERROR(IF(O83>(0.15),ROUND(MEDIAN(T83:U83),0),ROUND(AVERAGE(T83:U83),0)),"")
B84: 78 | C84: Cinta de goteo (línea secundaria) | D84: Diámetro 16 mm, calibre 6-8 mil, goteros autocompensantes 1-1.3 L/h, espaciado 20 cm, presión máx. 1 bar | F84: M | G84: 1 | H84: 456.75 | I84: 450 | J84: 459.81022 | K84: =IFERROR(IF(O84>(0.15),ROUND(MEDIAN(H84:J84),0),ROUND(AVERAGE(H84:J84),0)),"") -> 456 | L84: =IFERROR(K84*G84,"") -> 456 | M84: FDLB-ES-C-099-2026 MACRO 7 | N84: =IFERROR(STDEV(H84:J84),"") -> 5.0194288 | O84: =IFERROR(N84/AVERAGE(H84:J84),"") -> 0.011019117 | Q84: =COUNTIF(H84:J84,">0") -> 3 | R84: =1-(MIN(H84:J84)/K84) -> 0.013157895 | V84: =IFERROR(IF(O84>(0.15),ROUND(MEDIAN(T84:U84),0),ROUND(AVERAGE(T84:U84),0)),"")
B85: 79 | C85: Tubo polietileno principal | D85: Diámetro 16 mm, calibre 3-4 mm, negro con protección UV | F85: M | G85: 1 | H85: 761.25 | I85: 750 | J85: 766.35037 | K85: =IFERROR(IF(O85>(0.15),ROUND(MEDIAN(H85:J85),0),ROUND(AVERAGE(H85:J85),0)),"") -> 759 | L85: =IFERROR(K85*G85,"") -> 759 | M85: FDLB-ES-C-099-2026 MACRO 7 | N85: =IFERROR(STDEV(H85:J85),"") -> 8.3657146 | O85: =IFERROR(N85/AVERAGE(H85:J85),"") -> 0.011019117 | Q85: =COUNTIF(H85:J85,">0") -> 3 | R85: =1-(MIN(H85:J85)/K85) -> 0.011857708
B86: 80 | C86: Gotero botón adicional (si se usa microtubo) | D86: Autocompensante 2 L/h, presión 0.5-2.5 bar | F86: UN | G86: 1 | H86: 426.3 | I86: 420 | J86: 429.15621 | K86: =IFERROR(IF(O86>(0.15),ROUND(MEDIAN(H86:J86),0),ROUND(AVERAGE(H86:J86),0)),"") -> 425 | L86: =IFERROR(K86*G86,"") -> 425 | M86: FDLB-ES-C-099-2026 MACRO 7 | N86: =IFERROR(STDEV(H86:J86),"") -> 4.6848002 | O86: =IFERROR(N86/AVERAGE(H86:J86),"") -> 0.011019117 | Q86: =COUNTIF(H86:J86,">0") -> 3 | R86: =1-(MIN(H86:J86)/K86) -> 0.011764706
B87: 81 | C87: Microtubo | D87: Diámetro 4-6 mm, longitud 50 cm | F87: M | G87: 1 | H87: 456.75 | I87: 450 | J87: 459.81022 | K87: =IFERROR(IF(O87>(0.15),ROUND(MEDIAN(H87:J87),0),ROUND(AVERAGE(H87:J87),0)),"") -> 456 | L87: =IFERROR(K87*G87,"") -> 456 | M87: FDLB-ES-C-099-2026 MACRO 7 | N87: =IFERROR(STDEV(H87:J87),"") -> 5.0194288 | O87: =IFERROR(N87/AVERAGE(H87:J87),"") -> 0.011019117 | Q87: =COUNTIF(H87:J87,">0") -> 3 | R87: =1-(MIN(H87:J87)/K87) -> 0.013157895
B88: 82 | C88: Filtro de malla/disco | D88: 120-150 mesh, conexión 3/4" | F88: UN | G88: 1 | H88: 22330 | I88: 22000 | J88: 22479.611 | K88: =IFERROR(IF(O88>(0.15),ROUND(MEDIAN(H88:J88),0),ROUND(AVERAGE(H88:J88),0)),"") -> 22270 | L88: =IFERROR(K88*G88,"") -> 22270 | M88: FDLB-ES-C-099-2026 MACRO 7 | N88: =IFERROR(STDEV(H88:J88),"") -> 245.3943 | O88: =IFERROR(N88/AVERAGE(H88:J88),"") -> 0.011019117 | Q88: =COUNTIF(H88:J88,">0") -> 3 | R88: =1-(MIN(H88:J88)/K88) -> 0.012123934
B89: 83 | C89: Válvulas de control | D89: Bola PVC 3/4", regulables | F89: UN | G89: 1 | H89: 4567.5 | I89: 4500 | J89: 4598.1022 | K89: =IFERROR(IF(O89>(0.15),ROUND(MEDIAN(H89:J89),0),ROUND(AVERAGE(H89:J89),0)),"") -> 4555 | L89: =IFERROR(K89*G89,"") -> 4555 | M89: FDLB-ES-C-099-2026 MACRO 7 | N89: =IFERROR(STDEV(H89:J89),"") -> 50.194288 | O89: =IFERROR(N89/AVERAGE(H89:J89),"") -> 0.011019117 | Q89: =COUNTIF(H89:J89,">0") -> 3 | R89: =1-(MIN(H89:J89)/K89) -> 0.012074643
B90: 84 | C90: Silletas para riego | D90: Conector tipo T, diámetro 16 mm, presión 10-25 PSI | F90: UN | G90: 1 | H90: 355.25 | I90: 350 | J90: 357.63017 | K90: =IFERROR(IF(O90>(0.15),ROUND(MEDIAN(H90:J90),0),ROUND(AVERAGE(H90:J90),0)),"") -> 354 | L90: =IFERROR(K90*G90,"") -> 354 | M90: FDLB-ES-C-099-2026 MACRO 7 | N90: =IFERROR(STDEV(H90:J90),"") -> 3.9040002 | O90: =IFERROR(N90/AVERAGE(H90:J90),"") -> 0.011019117 | Q90: =COUNTIF(H90:J90,">0") -> 3 | R90: =1-(MIN(H90:J90)/K90) -> 0.011299435
B91: 85 | C91: Bomba centrífuga superficial | D91: Potencia 0.5-1 HP, con presión operativa de 1.5-3 bar (15-30 mca) y caudal máximo 3-5 m³/h | F91: UN | G91: 1 | H91: 314650 | I91: 310000 | J91: 316758.15 | K91: =IFERROR(IF(O91>(0.15),ROUND(MEDIAN(H91:J91),0),ROUND(AVERAGE(H91:J91),0)),"") -> 313803 | L91: =IFERROR(K91*G91,"") -> 313803 | M91: FDLB-ES-C-099-2026 MACRO 7 | N91: =IFERROR(STDEV(H91:J91),"") -> 3457.8287 | O91: =IFERROR(N91/AVERAGE(H91:J91),"") -> 0.011019117 | Q91: =COUNTIF(H91:J91,">0") -> 3 | R91: =1-(MIN(H91:J91)/K91) -> 0.012119068
B92: 86 | C92: Tanque almacenamiento | D92: Tanque cónico/bajito tricapa 500L, UV resistente, para lluvia/techos; incluye base. Ideal para riego huerta urbana. | F92: UN | G92: 1 | H92: 360325 | I92: 355000 | J92: 362739.18 | K92: =IFERROR(IF(O92>(0.15),ROUND(MEDIAN(H92:J92),0),ROUND(AVERAGE(H92:J92),0)),"") -> 359355 | L92: =IFERROR(K92*G92,"") -> 359355 | M92: FDLB-ES-C-099-2026 MACRO 7 | N92: =IFERROR(STDEV(H92:J92),"") -> 3959.7716 | O92: =IFERROR(N92/AVERAGE(H92:J92),"") -> 0.011019117 | Q92: =COUNTIF(H92:J92,">0") -> 3 | R92: =1-(MIN(H92:J92)/K92) -> 0.012118935
B93: 87 | C93: Tubería y filtros | D93: 10 m tubería PVC 1/2" + rejilla filtro inicial + bajante techo. ​ | F93: PAC | G93: 1 | H93: 36540 | I93: 36000 | J93: 36784.818 | K93: =IFERROR(IF(O93>(0.15),ROUND(MEDIAN(H93:J93),0),ROUND(AVERAGE(H93:J93),0)),"") -> 36442 | L93: =IFERROR(K93*G93,"") -> 36442 | M93: FDLB-ES-C-099-2026 MACRO 7 | N93: =IFERROR(STDEV(H93:J93),"") -> 401.5543 | O93: =IFERROR(N93/AVERAGE(H93:J93),"") -> 0.011019117 | Q93: =COUNTIF(H93:J93,">0") -> 3 | R93: =1-(MIN(H93:J93)/K93) -> 0.012128862
B94: 88 | C94: Semillas orgánicas certificadas | D94: Apio | F94: PAC | G94: 1 | H94: 8475.25 | I94: 8350 | J94: 8532.0342 | K94: =IFERROR(IF(O94>(0.15),ROUND(MEDIAN(H94:J94),0),ROUND(AVERAGE(H94:J94),0)),"") -> 8452 | L94: =IFERROR(K94*G94,"") -> 8452 | M94: FDLB-ES-C-099-2026 MACRO 7 | N94: =IFERROR(STDEV(H94:J94),"") -> 93.13829 | O94: =IFERROR(N94/AVERAGE(H94:J94),"") -> 0.011019117 | Q94: =COUNTIF(H94:J94,">0") -> 3 | R94: =1-(MIN(H94:J94)/K94) -> 0.01206815
B95: 89 | C95: Semillas orgánicas certificadas | D95: Zucchini - (calabacín amarillo) | F95: PAC | G95: 1 | H95: 8475.25 | I95: 8350 | J95: 8532.0342 | K95: =IFERROR(IF(O95>(0.15),ROUND(MEDIAN(H95:J95),0),ROUND(AVERAGE(H95:J95),0)),"") -> 8452 | L95: =IFERROR(K95*G95,"") -> 8452 | M95: FDLB-ES-C-099-2026 MACRO 7 | N95: =IFERROR(STDEV(H95:J95),"") -> 93.13829 | O95: =IFERROR(N95/AVERAGE(H95:J95),"") -> 0.011019117 | Q95: =COUNTIF(H95:J95,">0") -> 3 | R95: =1-(MIN(H95:J95)/K95) -> 0.01206815
B96: 90 | C96: Semillas orgánicas certificadas | D96: Cilantro | F96: PAC | G96: 1 | H96: 8475.25 | I96: 8350 | J96: 8532.0342 | K96: =IFERROR(IF(O96>(0.15),ROUND(MEDIAN(H96:J96),0),ROUND(AVERAGE(H96:J96),0)),"") -> 8452 | L96: =IFERROR(K96*G96,"") -> 8452 | M96: FDLB-ES-C-099-2026 MACRO 7 | N96: =IFERROR(STDEV(H96:J96),"") -> 93.13829 | O96: =IFERROR(N96/AVERAGE(H96:J96),"") -> 0.011019117 | Q96: =COUNTIF(H96:J96,">0") -> 3 | R96: =1-(MIN(H96:J96)/K96) -> 0.01206815
... B176: 170 | C176: Alquiler generador electrico | D176: generador eléctrico portátil para garantizar el suministro de energía en actividades desarrolladas en espacios abiertos o sin acceso a red eléctrica. | F176: UN | G176: 1 | H176: 913500 | I176: 900000 | J176: 919620.45 | K176: =IFERROR(IF(O176>(0.15),ROUND(MEDIAN(H176:J176),0),ROUND(AVERAGE(H176:J176),0)),"") -> 911040 | L176: =IFERROR(K176*G176,"") -> 911040 | M176: FDLB-ES-C-099-2026 MACRO 7 | N176: =IFERROR(STDEV(H176:J176),"") -> 10038.858 | O176: =IFERROR(N176/AVERAGE(H176:J176),"") -> 0.011019117 | Q176: =COUNTIF(H176:J176,">0") -> 3 | R176: =1-(MIN(H176:J176)/K176) -> 0.012118019
B177: 171 | C177: Refrigerio Opc 1 | D177: Jugo natural de fruta de temporada (Ej: Lulo, Mora o Feijoa), pasteurizado, envasado en botella de vidrio retornable o botella de plástico 100% reciclado y reciclable (RPET), sin pitillo. Sándwich en pan artesanal integral con queso siete cueros o queso campesino y vegetales orgánicos (lechuga y tomate producidos bajo técnicas de agricultura limpia o huertas urbanas de la localidad). Mix de frutos secos y deshidratados (maní, almendras, arándanos) Una (1) servilleta de papel 100% reciclado (sin cloro/color natural). Todo Todo el empaque exterior debe ser una caja de cartón prensado reciclado o bolsa de papel. | E177: El servicio de refrigerio debe incluir transporte y personal en el lugar y horario establecido por la Alcaldía Local de Bosa SERVICIO REQUERIDO PARA ADOPCIÓN Y EDUCACIÓN | F177: Unidad | G177: 1 | H177: 17762.5 | I177: 17500 | J177: 17881.509 | K177: =IFERROR(IF(O177>(0.15),ROUND(MEDIAN(H177:J177),0),ROUND(AVERAGE(H177:J177),0)),"") -> 17715 | L177: =IFERROR(K177*G177,"") -> 17715 | M177: FDLB-ES-C-099-2026 MACRO 7 | N177: =IFERROR(STDEV(H177:J177),"") -> 195.20001 | O177: =IFERROR(N177/AVERAGE(H177:J177),"") -> 0.011019117 | Q177: =COUNTIF(H177:J177,">0") -> 3 | R177: =1-(MIN(H177:J177)/K177) -> 0.012136607
B178: 172 | C178: Refrigerio Opc 2 | D178: Yogur artesanal o Bebida láctea en presentación de envase de cartón con certificación FSC (Bosques manejados de forma sostenible), 100% libre de pitillos plásticos. Almojábana o Pan de yuca horneado el mismo día de la entrega, empacado individualmente de forma exclusiva en bolsa de papel kraft sin blanquear (marrón) o papel parafinado biodegradable a base de almidón de maíz. Mandarina, manzana, pera o Banano (frutas de temporada autosuficientes que no requieren bolsa protectora). una (1) servilleta de papel 100% reciclado (sin cloro/color natural). Todo Todo el empaque exterior debe ser una caja de cartón prensado reciclado o bolsa de papel. | E178: El servicio de refrigerio debe incluir transporte y personal en el lugar y horario establecido por la Alcaldía Local de Bosa SERVICIO REQUERIDO PARA ADOPCIÓN Y EDUCACIÓN | F178: Unidad | G178: 1 | H178: 15732.5 | I178: 15500 | J178: 15837.908 | K178: =IFERROR(IF(O178>(0.15),ROUND(MEDIAN(H178:J178),0),ROUND(AVERAGE(H178:J178),0)),"") -> 15690 | L178: =IFERROR(K178*G178,"") -> 15690 | M178: FDLB-ES-C-099-2026 MACRO 7 | N178: =IFERROR(STDEV(H178:J178),"") -> 172.89144 | O178: =IFERROR(N178/AVERAGE(H178:J178),"") -> 0.011019117 | Q178: =COUNTIF(H178:J178,">0") -> 3 | R178: =1-(MIN(H178:J178)/K178) -> 0.012109624
B179: 173 | C179: Pendones | D179: Pendones verticales tipo roll-up, con una medida de 90 cm X 180 cm, tipo lona vinilica banner con impresión a todo color, con una estructura enrollable y base de aluminio, debe contener la imagen visual de hackathon de innovación, alcaldía local de bosa y laboratorio de innovación conforme al diseño suministrado por la entidad | F179: UN | G179: 1 | H179: 121800 | I179: 120000 | J179: 122616.06 | K179: =IFERROR(IF(O179>(0.15),ROUND(MEDIAN(H179:J179),0),ROUND(AVERAGE(H179:J179),0)),"") -> 121472 | L179: =IFERROR(K179*G179,"") -> 121472 | M179: FDLB-ES-C-099-2026 MACRO 7 | N179: =IFERROR(STDEV(H179:J179),"") -> 1338.5143 | O179: =IFERROR(N179/AVERAGE(H179:J179),"") -> 0.011019117 | Q179: =COUNTIF(H179:J179,">0") -> 3 | R179: =1-(MIN(H179:J179)/K179) -> 0.012118019
H180: =SUMPRODUCT(H7:H179,$G$7:$G$179) -> 1.0071329e+08 | I180: =SUMPRODUCT(I7:I179,$G$7:$G$179) -> 99224915 | J180: =SUMPRODUCT(J7:J179,$G$7:$G$179) -> 1.0138807e+08 | K180: =SUMPRODUCT(K7:K179,$G$7:$G$179) -> 100442116 | L180: =SUM(L7:L179) -> 100442116

Sheet Hoja2
A2: Proveedores | B2: 14122
A3: Cotizaciones | B3: 3
